 Dungeon Crawl Stone Soup version 0.27-a0-887-gcab673c142 (webtiles) character file.

Game seed: 2117331722264206310

11084859 Hasart the Englaciator (level 27, 231/231 HPs)
             Began as an Octopode Ice Elementalist on Mar 31, 2021.
             Was an Initiate of Gozag.
             Escaped with the Orb
             ... and 15 runes on Apr 3, 2021!
             The game lasted 08:42:07 (151692 turns).

Hasart the Englaciator (OpIE)                     Turns: 151692, Time: 08:42:07

Health: 231/231    AC: 14    Str: 15    XL:     27
Magic:  64/72      EV: 45    Int: 37    God:    Gozag
Gold:   16059      SH: 25    Dex: 31    Spells: 7/80 levels left

rFire    + + .     SeeInvis +   G - +3 Elemental Staff {rElec rF++ rC++ Will++ AC+5}
rCold    + + +     Faith    .   S - +2 kite shield {reflect}
rNeg     + . .     Spirit   .   h - +3 crown of Dyrovepreva {rElec Int+2 SInv}
rPois    +         Reflect  +   x - amulet of Vitality {Regen+ HP+15}
rElec    +         Harm     .   u - ring "Xeun Yta" {+Inv rC+ MP+9}
rCorr    +         Rampage  .   M - ring of Vuogead {Will+ rCorr}
Will     +++++                  t - ring of Nedoymof {AC+4 Dex+5}
Stlth    +++.......             N - ring of the Mage {Wiz Will++ Int+3}
HPRegen  1.48/turn              X - ring of Gachosuk {rPois rN+ Will+ Dex+3}
MPRegen  0.43/turn              q - ring of the Hare {EV+8}
                                O - ring "Eggaps" {rC+ Will+ MP+9 Dex+4}
                                V - ring of the Wild Haggis {rPois Str+6 Int+4 Dex+6}

@: gold aura, studying 6 skills
A: almost no armour, amphibious, 8 rings, camouflage 1, gelatinous body 1,
(nimble swimmer 1), tentacles, large bone plates 1, see invisible, strong-willed
1, mutation resistance 1, shaggy fur 1
0: Orb of Zot
}: 15/15 runes: serpentine, barnacled, slimy, silver, golden, iron, obsidian,
icy, bone, abyssal, demonic, glowing, magical, fiery, dark
a: Renounce Religion, Evoke Invisibility, Potion Petition, Call Merchant, Bribe
Branch


You escaped.
You worshipped Gozag.
Gozag was extremely pleased with you.
You visited 18 branches of the dungeon, and saw 90 of its levels.
You visited Pandemonium 1 time, and saw 11 of its levels.
You visited the Abyss 2 times.
You visited 1 bazaar.
You completed 1 ziggurat, and saw 27 of its levels.
You also visited: Trove, Bailey and Ice Cave.

You collected 74009 gold pieces.
You spent 13368 gold pieces at shops.
You paid 44582 gold pieces to Gozag.

Inventory:

Hand Weapons
 G - the +3 Elemental Staff (weapon) {rElec rF++ rC++ Will++ AC+5}
   (You bought it in a shop on level 5 of the Lair of Beasts)

   It affects your AC (+5).
   It greatly protects you from fire.
   It greatly protects you from cold.
   It insulates you from electricity.
   It greatly increases your willpower.
Missiles
 H - 132 silver javelins (quivered)
Armour
 h - the +3 crown of Dyrovepreva (worn) {rElec Int+2 SInv}
   (You acquired it on level 3 of the Vaults)

   It affects your intelligence (+2).
   It insulates you from electricity.
   It lets you see invisible.
 S - a +2 kite shield of reflection (worn)
Jewellery
 c - the ring "Iholyadgh" {Will+ Str+4 Dex+6 SInv Stlth+}
   (You found it on level 24 of a ziggurat)

   [ring of willpower]

   It affects your strength (+4).
   It affects your dexterity (+6).
   It lets you see invisible.
   It increases your willpower.
   It makes you more stealthy.
 j - the amulet of Qimm {Reflect +Blink rPois rC+ Will+ SH+5}
   (You found it on level 11 of a ziggurat)

   [amulet of reflection]

   It reflects blocked missile attacks.
   It protects you from cold.
   It protects you from poison.
   It lets you blink.
   It affects your SH (+5).
   It increases your willpower.
 o - the ring of Xeacikhys {rElec Will+ Str+6 Dex+2}
   (You acquired it in Pandemonium)

   [ring of strength]

   It affects your strength (+6).
   It affects your dexterity (+2).
   It insulates you from electricity.
   It increases your willpower.
 q - the ring of the Hare (on tentacle) {EV+8}
   (You found it on level 3 of the Tomb of the Ancients)

   [ring of evasion]

   It affects your evasion (+8).
 r - the amulet of Sollioph {rPois Regen+ Str+3 Int+2 Stlth+}
   (You found it on level 4 of the Realm of Zot)

   [amulet of regeneration]

   It affects your strength (+3).
   It affects your intelligence (+2).
   It protects you from poison.
   It increases your rate of health regeneration.
   It makes you more stealthy.
 s - the amulet "Plog" {Acrobat Will+ Str+4}
   (You found it in Pandemonium)

   [amulet of the acrobat]

   It increases your evasion while moving and waiting.
   It affects your strength (+4).
   It increases your willpower.
 t - the ring of Nedoymof (on tentacle) {AC+4 Dex+5}
   (You found it on level 27 of a ziggurat)

   [ring of protection]

   It affects your AC (+4).
   It affects your dexterity (+5).
 u - the ring "Xeun Yta" (left tentacle) {+Inv rC+ MP+9}
   (You found it on level 19 of a ziggurat)

   [ring of magical power]

   It protects you from cold.
   It affects your magic capacity (+9).
   It lets you turn invisible.
 x - the amulet of Vitality (around mantle) {Regen+ HP+15}
   (You found it on level 2 of the Depths)

   [amulet of regeneration]

   It affects your health (+15).
   It increases your rate of health regeneration.
 y - a ring of flight
 I - the amulet of Gusoqo {Reflect Int+3 SH+5}
   (You took it off a deep elf sorcerer on level 3 of the Elven Halls)

   [amulet of reflection]

   It reflects blocked missile attacks.
   It affects your intelligence (+3).
   It affects your SH (+5).
 K - the amulet "Raubiepa" {Acrobat rN+++ Str-4}
   (You found it on level 14 of a ziggurat)

   [amulet of the acrobat]

   It increases your evasion while moving and waiting.
   It affects your strength (-4).
   It renders you almost immune to negative energy.
 M - the ring of Vuogead (right tentacle) {Will+ rCorr}
   (You bought it in a shop on level 5 of the Depths)

   [ring of resist corrosion]

   It protects you from acid and corrosion.
   It increases your willpower.
 N - the ring of the Mage (on tentacle) {Wiz Will++ Int+3}
   (You found it on level 16 of a ziggurat)

   [ring of wizardry]

   It improves your spell success rate.
   It affects your intelligence (+3).
   It greatly increases your willpower.
 O - the ring "Eggaps" (on tentacle) {rC+ Will+ MP+9 Dex+4}
   (You took it off a deep elf high priest on level 3 of the Elven Halls)

   [ring of magical power]

   It affects your dexterity (+4).
   It protects you from cold.
   It affects your magic capacity (+9).
   It increases your willpower.
 P - the ring "Dosemn" {Will+ Int+3 Dex+4 Stlth+}
   (You found it in a treasure trove)

   [ring of willpower]

   It affects your intelligence (+3).
   It affects your dexterity (+4).
   It increases your willpower.
   It makes you more stealthy.
 Q - the ring of Jaroemaz {rC+ rCorr Dex+5}
   (You found it on level 5 of a ziggurat)

   [ring of resist corrosion]

   It affects your dexterity (+5).
   It protects you from cold.
   It protects you from acid and corrosion.
 V - the ring of the Wild Haggis (on tentacle) {rPois Str+6 Int+4 Dex+6}
   (You bought it in a shop on level 3 of the Shoals)

   [ring of dexterity]

   It affects your strength (+6).
   It affects your intelligence (+4).
   It affects your dexterity (+6).
   It protects you from poison.
 X - the ring of Gachosuk (on tentacle) {rPois rN+ Will+ Dex+3}
   (You acquired it on level 6 of the Lair of Beasts)

   [ring of positive energy]

   It affects your dexterity (+3).
   It protects you from poison.
   It protects you from negative energy.
   It increases your willpower.
 Z - the ring of Paufyixze {Will+ SInv}
   (You bought it in a shop on level 1 of the Elven Halls)

   [ring of see invisible]

   It lets you see invisible.
   It increases your willpower.
Wands
 d - a wand of mindburst (115)
 A - a wand of acid (35)
 E - a wand of digging (24)
 F - a wand of iceblast (70)
Scrolls
 e - 13 scrolls of magic mapping
 i - 30 scrolls of fog
 l - 8 scrolls of enchant armour
 m - 3 scrolls of summoning
 p - 38 scrolls of teleportation
 w - 9 scrolls of fear
 C - 72 scrolls of identify
 R - 17 scrolls of amnesia
 T - 7 scrolls of holy word
 U - 14 scrolls of blinking
Potions
 b - 38 potions of curing
 f - 8 potions of invisibility
 g - 4 potions of haste
 k - 9 potions of cancellation
 v - 21 potions of heal wounds
 z - 10 potions of ambrosia
 B - 7 potions of magic
 D - 17 potions of lignification
 J - 7 potions of might
 L - 6 potions of resistance
 W - 13 potions of mutation
Miscellaneous
 a - 2 +1 figurines of a ziggurat
 Y - a phantom mirror


   Skills:
 + Level 24.8 Fighting
 - Level 5.0 Short Blades
 - Level 5.0(9.1) Maces & Flails
 - Level 11.6(12.0) Staves
 - Level 20.0 Throwing
 - Level 20.0 Dodging
 + Level 18.1 Stealth
 - Level 24.0 Shields
 O Level 27 Spellcasting
 - Level 23.0 Conjurations
 - Level 5.0 Summonings
 - Level 20.0 Necromancy
 - Level 8.0 Translocations
 - Level 20.0 Transmutations
 - Level 24.0 Fire Magic
 O Level 27 Ice Magic
 - Level 7.0 Air Magic
 - Level 25.0 Earth Magic
 - Level 12.0 Evocations


You had 7 spell levels left.
You knew the following spells:

 Your Spells              Type           Power      Damage    Failure   Level
a - Absolute Zero         Ice            77%        ∞         1%          9
b - Sublimation of Blood  Necr           57%        N/A       0%          2
c - Fire Storm            Conj/Fire      73%        8d19      1%          9
d - Ignition              Fire           74%        3d19      1%          8
e - Ozocubu's Armour      Ice            100%       N/A       0%          3
f - Statue Form           Tmut/Erth      96%        N/A       0%          6
g - Necromutation         Tmut/Necr      57%        N/A       1%          8
q - Blink                 Tloc           N/A        N/A       0%          2
s - Infestation           Necr           57%        N/A       1%          8
w - Swiftness             Air            100%       N/A       1%          2
x - Ozocubu's Refrigerat  Ice            77%        4d20      0%          7
z - Shatter               Erth           75%        3d55*     1%          9

Your spell library contained the following spells:

 Spells                   Type           Power      Damage    Failure   Level
 Animate Skeleton         Necr           100%       N/A       0%          1
 Apportation              Tloc           100%       N/A       0%          1
 Beastly Appendage        Tmut           100%       N/A       0%          1
 Foxfire                  Conj/Fire      100%       2x1d9     0%          1
 Freeze                   Ice            100%       1d11      0%          1
 Magic Dart               Conj           100%       1d8       0%          1
 Pain                     Necr           100%       1d9       0%          1
 Sandblast                Erth           100%       2d20      0%          1
 Shock                    Conj/Air       100%       1d9       0%          1
 Sting                    Tmut/Pois      100%       1d8       0%          1
 Corpse Rot               Necr/Air       N/A        N/A       0%          2
 Ensorcelled Hibernation  Hex/Ice        100%       N/A       0%          2
 Passwall                 Tmut/Erth      100%       N/A       0%          2
 Searing Ray              Conj           100%       3d7       0%          2
 Wereblood                Tmut           100%       N/A       0%          2
 Conjure Flame            Conj/Fire      100%       6-21      0%          3
 Dazzling Flash           Conj/Hex       100%       N/A       0%          3
 Frozen Ramparts          Ice            100%       1d12      0%          3
 Ignite Poison            Fire/Tmut/Pois 100%       N/A       0%          3
 Inner Flame              Hex/Fire       100%       N/A       0%          3
 Mephitic Cloud           Conj/Pois/Air  100%       N/A       0%          3
 Spider Form              Tmut/Pois      44%        N/A       0%          3
 Static Discharge         Conj/Air       100%       N/A       0%          3
 Stone Arrow              Conj/Erth      100%       3d13      0%          3
 Vampiric Draining        Necr           57%        2d14      0%          3
 Animate Dead             Necr           57%        N/A       0%          4
 Dispel Undead            Necr           100%       3d31      0%          4
 Hailstorm                Conj/Ice       100%       3d20      0%          4
 Ice Form                 Ice/Tmut       100%       N/A       0%          4
 Iskenderun's Mystic Bla  Conj/Tloc      100%       2d19      0%          4
 Leda's Liquefaction      Hex/Erth       59%        N/A       0%          4
 Petrify                  Tmut/Erth      100%       N/A       0%          4
 Sticky Flame             Conj/Fire      100%       2d11      0%          4
 Summon Ice Beast         Ice/Summ       100%       N/A       0%          4
 Agony                    Necr           100%       N/A       0%          5
 Bolt of Magma            Conj/Fire/Erth 87%        4d33      0%          5
 Borgnjor's Vile Clutch   Necr/Erth      72%        N/A       0%          5
 Excruciating Wounds      Necr           57%        N/A       0%          5
 Fireball                 Conj/Fire      73%        3d27      0%          5
 Hydra Form               Tmut           57%        N/A       0%          5
 Irradiate                Conj/Tmut      59%        3d33      0%          5
 Iskenderun's Battlesphe  Conj           100%       2d15      0%          5
 Lee's Rapid Deconstruct  Erth           75%        3d35*     0%          5
 Lightning Bolt           Conj/Air       63%        1d87      0%          5
 Blade Hands              Tmut           57%        N/A       0%          6
 Death Channel            Necr           57%        N/A       0%          6
 Freezing Cloud           Conj/Ice/Air   81%        6-21      0%          6
 Iron Shot                Conj/Erth      74%        9d14      0%          6
 Simulacrum               Ice/Necr       73%        N/A       0%          6
 Starburst                Conj/Fire      73%        8x6d19    0%          6
 Corona                   Hex            54%        N/A       1%          1
 Summon Small Mammal      Summ           100%       N/A       1%          1
 Call Imp                 Summ           72%        N/A       1%          2
 Poisonous Vapours        Pois/Air       100%       N/A       1%          2
 Slow                     Hex            49%        N/A       1%          2
 Call Canine Familiar     Summ           72%        N/A       1%          3
 Confusing Touch          Hex            49%        N/A       1%          3
 Gell's Gravitas          Tloc           41%        N/A       1%          3
 Lesser Beckoning         Tloc           41%        N/A       1%          3
 Portal Projectile        Hex/Tloc       100%       N/A       1%          3
 Summon Guardian Golem    Hex/Summ       62%        N/A       1%          3
 Teleport Other           Tloc           83%        N/A       1%          3
 Tukima's Dance           Hex            49%        N/A       1%          3
 Airstrike                Air            50%        N/A       1%          4
 Cause Fear               Hex            24%        N/A       1%          4
 Fulminant Prism          Conj/Hex       47%        3d21      1%          4
 Olgreb's Toxic Radiance  Pois           49%        N/A       1%          4
 Passage of Golubria      Tloc           N/A        N/A       1%          4
 Summon Lightning Spire   Summ/Air       96%        N/A       1%          4
 Alistair's Intoxication  Tmut/Pois      59%        N/A       1%          5
 Manifold Assault         Tloc           83%        N/A       1%          5
 Metabolic Englaciation   Hex/Ice        61%        N/A       1%          5
 Silence                  Hex/Air        42%        N/A       1%          5
 Summon Forest            Summ/Tloc      39%        N/A       1%          5
 Summon Mana Viper        Hex/Summ       62%        N/A       1%          5
 Yara's Violent Unravell  Hex/Tmut       44%        3d17      1%          5
 Conjure Ball Lightning   Conj/Air       63%        3x3d23    1%          6
 Eringya's Noxious Bog    Tmut/Pois      44%        N/A       1%          6
 Dragon Form              Tmut           57%        N/A       1%          7
 Haunt                    Necr/Summ      48%        N/A       1%          7
 Orb of Destruction       Conj           60%        9d17      1%          7
 Spellforged Servitor     Conj/Summ      50%        N/A       1%          7
 Shadow Creatures         Summ           N/A        N/A       3%          6
 Malign Gateway           Summ/Tloc      39%        N/A       9%          7
 Monstrous Menagerie      Summ           36%        N/A       16%         7
 Summon Hydra             Summ           36%        N/A       16%         7
 Invisibility             Hex            49%        N/A       22%         6
 Borgnjor's Revivificati  Necr           57%        N/A       1%          8
 Lehudib's Crystal Spear  Conj/Erth      74%        10d17     1%          8
 Chain Lightning          Conj/Air       63%        N/A       2%          8
 Death's Door             Necr           57%        N/A       4%          9
 Disjunction              Tloc           41%        N/A       34%         8
 Summon Horrible Things   Summ           36%        N/A       75%         8
 Discord                  Hex            24%        N/A       100%        8
 Dragon's Call            Summ           36%        N/A       100%        9
 Tornado                  Air            50%        N/A       100%        9
 Animate Armour           Summ/Erth      Unusable   N/A       N/A         4

Dungeon Overview and Level Annotations

Branches:
Dungeon (15/15)            Temple (1/1) D:7            Lair (6/6) D:8
 Shoals (4/4) Lair:3        Snake (4/4) Lair:4        Slime (5/5) Lair:5
    Orc (2/2) D:9             Elf (3/3) Orc:2        Vaults (5/5) D:13
  Crypt (3/3) Vaults:2       Tomb (3/3) Crypt:3      Depths (5/5) D:15
   Hell (visited)             Dis (7/7) Hell            Geh (7/7) Hell
    Coc (7/7) Hell            Tar (7/7) Hell            Zot (5/5) Depths:5
 Bailey (visited)           IceCv (visited)

Altars:
Ashenzari
Cheibriados
Dithmenos
Elyvilon
Fedhas
Gozag
Hepliaklqana
Kikubaaqudgha
Makhleb
Nemelex Xobeh
Okawaru
Qazlal
Ru
Sif Muna
Trog
Uskayaw
Vehumet
Wu Jian
Xom
Yredelemnul
Zin
The Shining One
Jiyva
Lugonu

Shops:
D:3 =   D:9 :   D:13 :   D:14 *   Orc:2 *!!!   Elf:1 (:==   Lair:1 ?   Lair:3 :
Lair:4 :   Lair:5 (   Shoals:3 =!   Snake:1 (   Vaults:2 :(*   Vaults:3 !
Vaults:4 =   Vaults:5 =   Zot:2 [   Depths:3 *[[=(   Depths:5 =

Portals:
Hell: Depths:1 Depths:2 Depths:3 Depths:4 Depths:5
Abyss: Shoals:1 Depths:2 Depths:4
Pandemonium: Depths:2 Depths:3

Annotations:
D:5 1 runed translucent door, Crazy Yiuf, Menkaure
D:12 4 runed translucent doors, Zanta616's ghost, journeyman DrBe
Shoals:1 2 transporters, Guqom's ghost, journeyman MiBe
Elf:1 6 runed translucent doors
Depths:1 2 transporters, exclusion: obsidian statue, Izantual's ghost, veteran PaDe; Maysuzeg's ghost, adept MiBe
Coc:7 exclusion: 2 ice statues


Innate Abilities, Weirdness & Mutations

You cannot wear most types of armour.
You are amphibious.
You can wear up to eight rings at the same time.
Your skin changes colour to match your surroundings (Stealth+).
Your rubbery body absorbs attacks. (AC +1, EV +1)
((You are camouflaged near water. (Stealth+)))
You have tentacles for arms and can constrict up to eight enemies at once.
You are partially covered in large bone plates. (SH +4)
You have supernaturally acute eyesight. (SInv)
You are strong-willed. (Will+)
You are somewhat resistant to further mutation.
You are covered in fur. (AC +1)


Message History

There is a stone staircase leading up here.
You climb upwards.
There is a stone staircase leading down here.
There is an open door here.
There is a stone staircase leading up here.
You climb upwards.
There is a stone staircase leading down here.
Casting: Absolute Zero (mildly dangerous; 1% risk of failure)
Confirm with . or Enter, or press ? or * to list all spells.
You feel a surge of power!
The dungeon rumbles!
Ka-crash!
There is a staircase leading out of the dungeon here.
You start resting.
An Orb Guardian comes into view.
Casting: Shatter (mildly dangerous; 1% risk of failure)
Confirm with . or Enter, or press ? or * to list all spells.
Casting: Absolute Zero (mildly dangerous; 1% risk of failure)
Press: ? - help, Dir - look around, f - activate You feel a surge of power!
You chill the Orb Guardian to absolute zero!
The Orb Guardian shatters and turns to gold!
You kill the Orb Guardian!
There is a staircase leading out of the dungeon here.
You start resting.
A red devil comes into view. It is wielding a +0 trident.
Casting: Absolute Zero (mildly dangerous; 1% risk of failure)
Confirm with . or Enter, or press ? or * to list all spells.
Casting: Absolute Zero (mildly dangerous; 1% risk of failure)
Press: ? - help, Dir - look around, f - activate You feel a surge of power!
You chill the red devil to absolute zero!
The red devil shatters and turns to gold!
You kill the red devil!
Unknown command.
Really quaff the potion of mutation?
You feel extremely strange.
You feel healthier.
You feel less energetic.
Your vision sharpens.
You feel genetically stable.
You can't go down here!
You have escaped!

# #....##
..#.#...#.....### #
#.....##
##...#####.....# #
##.....## #.....#
#.....# ##.....###.....#
#.....# ##
##.....##..#>####......#
.#
##.....##......)......#
.####
##.....#.##..####....#
....#
##..8...............#
###.##
##...@.....$.......#
#..#
##..>...............#
##.#
##.....#.#############
#.## ##..$..#..#
#..###......#.##
##.##.....####
#.#.....## #...÷..##
#.....##


There were no monsters in sight!

Vanquished Creatures
  Cerebov (Pan)
  Asmodeus (Geh:7)
  Antaeus (Coc:7)
  the Royal Jelly (Slime:5)
  Ereshkigal (Tar:7)
  Gloorx Vloq (Pan)
  Mnoleg (Pan)
  Lom Lobon (Pan)
  16 dread liches
  Dispater (Dis:7)
  11 orbs of fire
  10 ancient liches
  Khufu (Crypt:3)
  7 pandemonium lords
  8 juggernauts
  Mara (Vaults:4)
  33 royal mummies
  7 Killer Klowns
  Boris (Tomb:2)
  Margery (Depths:5)
  3 curse toes
  8 caustic shrikes
  13 shard shrikes
  Saint Roka (Orc:2)
  Bai Suzhen (Shoals:3)
  Geryon (Hell)
  Nikola (Elf:1)
  Xtahua (Crypt:1)
  17 golden dragons
  12 bone dragons
  23 Tzitzimimeh
  4 doom hounds
  The ghost of Evulen the Stormcaller, a veteran TeCj of Gozag (Depths:2)
  29 Brimstone Fiends
  4 electric golems
  5 hellephants
  9 iron giants
  A shard shrike zombie (Crypt:1)
  12 Hell Sentinels
  26 tentacled monstrosities
  17 liches
  28 Ice Fiends
  Rupert (Snake:1)
  14 quicksilver dragons
  28 Orb Guardians
  8 deep elf master archers
  29 titans
  Murray (Hell)
  3 krakens
  6 deep elf blademasters
  A quicksilver dragon (shapeshifter) (Vaults:5)
  8 death cobs
  27 acid blobs
  Gastronok (D:11)
  32 Executioners
  Kirke (D:13)
  17 ancient champions
  The ghost of Guhan the Protected, an adept GnWn of Okawaru (Snake:4)
  16 sphinxes
  Agnes (Snake:3)
  23 shadow dragons
  A thorn hunter (Abyss:3)
  Donald (Orc:2)
  8 tengu reavers
  3 tentacled starspawn
  Ilsuiw (Shoals:4)
  14 storm dragons
  16 draconian monks
  29 nagarajas
  A storm dragon (shapeshifter) (Zig:22)
  20 rockslimes
  14 azure jellies
  7 deep elf sorcerers
  4 revenants
  A fire giant (shapeshifter) (Zig:9)
  2 daevas
  Roxanne (Snake:2)
  29 frost giants
  2 ghost moths
  13 corrupters
  51 balrugs
  15 draconian scorchers
  28 fire giants
  18 draconian knights
  5 curse skulls
  30 cacodemons
  2 caustic shrike zombies
  9 ghouls
  7 iron dragons
  8 warmongers
  6 orc warlords
  13 draconian stormcallers
  2 emperor scorpions
  Aizul (Snake:3)
  13 draconian shifters
  63 reapers
  26 vault wardens
  2 deep elf elementalists (Elf:3)
  19 ironbound preservers
  9 war gargoyles
  The ghost of Raitaz the Bludgeoner, a journeyman MiBe of Trog (Depths:3)
  26 quicksilver oozes
  25 draconian annihilators
  3 juggernaut zombies
  43 stone giants
  An angel (Pan)
  2 caustic shrike skeletons (Zig:18)
  A juggernaut skeleton (Zig:18)
  50 very ugly things
  5 elemental wellsprings
  A spriggan defender (Depths:2)
  6 blood saints
  A quicksilver ooze (shapeshifter) (Vaults:5)
  16 green draconians
  8 bennus
  Nessos (D:13)
  17 deep elf demonologists
  14 vampire knights
  16 black suns
  14 dire elephants
  19 deep elf annihilators
  7 spark wasps
  18 purple draconians
  A spark wasp (shapeshifter) (Zig:22)
  13 lorocyprocas
  An entropy weaver (Abyss:3)
  Azrael (Elf:2)
  22 red draconians
  A bunyip (shapeshifter) (Elf:1)
  14 white draconians
  16 yellow draconians
  17 black draconians
  21 ettins
  13 merfolk javelineers
  3 salamander tyrants
  8 eidola
  28 green deaths
  15 deep elf death magi
  7 quicksilver dragon zombies
  2 kraken zombies
  11 jiangshi
  10 fire dragons
  36 blizzard demons
  23 mummy priests
  10 deep elf high priests
  19 great orbs of eyes
  18 yaktaur captains
  Fannar (D:12)
  9 merfolk impalers
  6 rakshasas
  19 naga warriors
  Erolcha (D:13)
  33 ice dragons
  40 vault guards
  7 catoblepae
  8 quicksilver dragon skeletons
  2 ironbound thunderhulks
  2 juggernaut simulacra (Zig:13)
  5 monstrous demonspawn (Pan)
  24 hydras
  3 hell beasts
  2 ghost crabs
  7 anacondas
  9 boulder beetles
  An alligator snapping turtle (Shoals:4)
  8 ironbound frosthearts
  9 merfolk aquamancers
  4 spriggan air magi
  4 death knights
  5 merfolk avatars
  18 centaur warriors
  Erica (D:8)
  15 two-headed ogres
  5 ogre magi
  45 death scarabs
  8 deep troll shamans
  An anaconda (shapeshifter) (Zig:26)
  5 satyrs
  A satyr (shapeshifter) (Zig:22)
  6 titan zombies
  22 naga sharpshooters
  5 ironbound beastmasters
  7 vampire magi
  11 deep troll earth magi
  8 tengu warriors
  Urug (Lair:5)
  36 hell hogs
  3 thrashing horrors
  7 death yaks
  5 orc high priests
  7 shock serpents
  2 spriggan berserkers
  48 hell knights
  Sonja (Lair:2)
  9 iron golems (Dis:1)
  9 titan skeletons
  13 storm dragon zombies
  25 deep elf knights
  82 sun demons
  20 shadow wraiths
  2 death drakes (shapeshifter)
  121 skeletal warriors
  18 iron trolls
  50 soul eaters
  A fire crab (shapeshifter) (Vaults:5)
  9 wretched stars
  6 golden dragon zombies
  23 sixfirhies
  A quicksilver dragon simulacrum (Tar:4)
  3 storm dragon skeletons
  7 salamander mystics
  5 sea snakes
  3 spriggan druids
  8 anaconda zombies
  35 shadow demons
  4 ghost moth zombies
  A swamp dragon (shapeshifter) (Elf:2)
  A kraken simulacrum (Coc:7)
  5 obsidian statues
  55 deep trolls
  5 infernal demonspawn (Pan)
  9 torturous demonspawn (Pan)
  11 flayed ghosts
  4 gelid demonspawn (Pan)
  2 glowing orange brains
  18 ironbound convokers
  5 starcursed masses
  10 naga ritualists
  13 deep elf archers
  An orange crystal statue (Zig:13)
  A harpy (shapeshifter) (Zig:21)
  7 bog bodies
  3 tengu zombies
  19 wizards
  A sphinx zombie (Zig:14)
  5 shadow dragon skeletons
  5 golden dragon skeletons
  8 shadow dragon zombies
  6 mana vipers
  14 orc knights
  33 phantasmal warriors
  9 lindwurms
  2 wolf spider zombies
  39 deep elf pyromancers
  24 deep elf zephyrmancers
  17 fauns
  A mana viper (shapeshifter) (Vaults:5)
  23 harpies
  5 orc sorcerers
  9 iron dragon zombies
  26 necromancers
  4 frost giant zombies
  15 manticores
  2 human zombies (Vaults:2)
  5 anaconda skeletons
  16 shining eyes
  8 fire giant zombies
  32 moths of wrath
  17 salamanders
  A shining eye (shapeshifter) (Vaults:4)
  9 stone giant zombies
  6 wolf spiders
  55 ugly things
  11 cyclopes
  4 shock serpent zombies
  47 black mambas
  9 fire giant skeletons
  6 merfolk sirens
  2 moths of wrath (shapeshifter)
  7 iron dragon skeletons
  A manticore (shapeshifter) (Zig:15)
  2 worldbinders
  23 vault sentinels
  3 apocalypse crabs
  A sphinx skeleton (Zig:18)
  An elephant (shapeshifter) (Vaults:5)
  6 ice statues
  A gargoyle (D:13)
  12 elf zombies
  2 spriggan zombies
  11 elephants
  6 titan simulacra
  13 stone giant skeletons
  6 water nymphs
  A water nymph (shapeshifter) (Zig:26)
  5 frost giant skeletons
  10 molten gargoyles
  16 guardian serpents
  34 rust devils
  75 smoke demons
  21 naga magi
  11 torpor snails
  11 eyes of devastation
  36 orange demons
  2 dire elephant zombies
  6 dire elephant skeletons
  3 shock serpent skeletons
  3 storm dragon simulacra (Coc:7)
  17 komodo dragons
  2 catoblepas zombies
  24 cane toads
  7 emperor scorpion zombies
  A minotaur zombie (Crypt:2)
  28 yaktaurs
  48 hellions
  A kobold demonologist (D:10)
  19 efreet
  A sea snake zombie (Hell)
  2 unseen horrors
  48 tormentors
  38 freezing wraiths
  3 anaconda simulacra (Coc:7)
  3 ancient zymes
  An elf skeleton (Zig:14)
  34 rime drakes
  2 sea snake skeletons
  8 tengu conjurers
  51 hellwings
  27 demonic crawlers
  53 guardian mummies
  10 trolls
  58 ice devils
  An iron troll skeleton (Crypt:1)
  A jumping spider (Crypt:3)
  A troll (shapeshifter) (Abyss:1)
  6 hydra zombies
  4 harpy zombies
  51 red devils
  2 silent spectres
  2 catoblepas skeletons
  A golden dragon simulacrum (Tomb:2)
  36 merfolk
  4 fire dragon zombies
  18 blink frogs
  3 wind drakes
  3 hydra skeletons
  4 hornets
  8 polar bears
  Prince Ribbit (D:6)
  181 slime creatures
  Grinder (D:6)
  A dream sheep (shapeshifter) (Vaults:5)
  4 ice dragon zombies
  4 harpy skeletons
  4 ettin zombies
  7 raiju
  2 frost giant simulacra
  A stone giant simulacrum (Abyss:1)
  9 snapping turtles
  18 dream sheep
  An iron dragon simulacrum (Hell)
  4 alligator zombies
  A tarantella (shapeshifter) (Zig:26)
  144 flying skulls
  3 alligator skeletons
  5 redbacks
  A redback (shapeshifter) (Zig:26)
  8 fire dragon skeletons
  15 shadows
  8 ettin skeletons
  4 ice dragon skeletons
  2 tarantellas
  3 vampires (Vaults:2)
  51 ynoxinuls
  A spriggan (shapeshifter) (Elf:2)
  27 water elementals
  4 air elementals
  2 black mamba zombies
  47 yaks
  18 ushabtiu
  31 wraiths
  9 wyverns
  7 hogs (D:13)
  A purple draconian simulacrum (Coc:7)
  3 black mamba skeletons
  7 steam dragons (Lair:5)
  6 basilisks
  21 fire elementals
  35 neqoxecs
  42 chaos spawn
  17 golden eyes
  4 vampire mosquitoes (D:12)
  94 large abominations
  57 nagas
  A swamp worm (shapeshifter) (Zig:9)
  2 wargs
  A spatial vortex (Abyss:2)
  12 hydra simulacra
  12 cane toad zombies
  A merfolk skeleton (Coc:4)
  33 water moccasins
  8 floating eyes
  62 hell hounds
  A monstrous demonspawn skeleton (Tar:7)
  A floating eye (shapeshifter) (Zig:15)
  2 cane toad skeletons
  A black bear (shapeshifter) (Zig:21)
  13 ice beasts
  30 orc warriors
  An alligator simulacrum (Coc:2)
  A snapping turtle zombie (Geh:7)
  A sky beast (D:6)
  20 necrophages
  An ogre (shapeshifter) (Zig:26)
  2 dream sheep zombies (Crypt:2)
  25 ogres
  2 black bears (Lair:6)
  A spriggan simulacrum (Zig:6)
  2 swamp dragon zombies
  2 torpor snail zombies
  2 manticore skeletons
  15 wolves
  3 boggarts
  31 centaurs
  4 swamp dragon skeletons
  4 phantoms
  3 kobold brigands
  6 snapping turtle skeletons
  8 bullfrogs
  7 small abominations
  3 earth elementals (Elf:1)
  A gnoll sergeant (D:5)
  A cane toad simulacrum (Coc:3)
  A warg zombie (Crypt:2)
  3 wyvern skeletons
  12 killer bees
  51 wights
  4 howler monkeys
  4 spriggan skeletons
  An electric eel (Elf:3)
  10 crimson imps
  3 centaur zombies
  2 bullfrog zombies
  2 hounds (D:6)
  39 iron imps
  14 jellies
  13 orc priests
  2 centaur skeletons
  6 gnoll shamans
  2 human skeletons
  2 bullfrog skeletons
  Jessica (D:3)
  2 iguanas
  23 orc wizards
  12 hell rats
  A troll simulacrum (Tomb:1)
  A killer bee zombie (D:6)
  An ogre zombie (Crypt:2)
  A dwarf zombie (Crypt:2)
  2 ogre skeletons
  A tengu skeleton (Geh:5)
  2 hound skeletons
  62 mummies
  2 howler monkey zombies
  A howler monkey skeleton (D:6)
  11 adders
  28 gnolls
  A swamp drake zombie (Crypt:1)
  A steam dragon skeleton (Crypt:1)
  6 shadow imps
  23 white imps
  9 ufetubi
  5 worms
  2 dart slugs
  97 orcs
  A bat zombie (Crypt:1)
  13 endoplasms
  3 giant cockroaches
  6 goblins
  11 hobgoblins
  21 jackals
  2 quokkas (D:1)
  7 ball pythons
  7 bats
  4 frilled lizards
  18 kobolds
  A kobold skeleton (Tar:4)
  2 kobold zombies
  An orc skeleton (Geh:7)
  3 orc zombies
  3 rats
  2 bushes (Elf:2)
  4 fire vortices
  13 tentacles
6006 creatures vanquished.

Vanquished Creatures (collateral kills)
  A royal mummy (Tomb:3)
  A shard shrike (Zig:13)
  A pandemonium lord (Zig:7)
  A two-headed ogre (D:10)
  A death yak (D:7)
  Joseph (D:8)
  A black mamba (Snake:1)
  A slime creature (D:6)
  2 nameless horrors (D:6)
  A yak (D:8)
  An acid dragon (D:8)
  2 wights (D:6)
  A jelly (D:6)
  A mummy (Tomb:3)
  5 orcs (Bailey)
21 creatures vanquished.

Vanquished Creatures (others)
  A deep elf sorcerer (Elf:1)
  Louise (Elf:1)
  A reaper (IceCv)
  A deep elf annihilator (Elf:1)
  A dire elephant (Zig:19)
  A hell hog (Geh:7)
  43 dancing weapons
  A deep elf zephyrmancer (Elf:1)
  A deep elf pyromancer (Elf:1)
  A polar bear (D:13)
  A flying skull (Geh:7)
  A water elemental (Elf:1)
  2 hell hounds
  2 iron imps
  A human skeleton (Geh:5)
  2 white imps (IceCv)
  4 ufetubi (IceCv)
  3 demonic plants (Pan)
  50 fire vortices
  67 fungi
  A lurking horror (Abyss:3)
  144 plants
  4 starspawn tentacles (Abyss:2)
  15 tentacles
  10 toadstools (D:6)
  21 withered plants (Crypt:3)
380 creatures vanquished.

Grand Total: 6407 creatures vanquished

Notes
Turn   | Place    | Note
-------+----------+-------------------------------------------
     0 | D:1      | Hasart the Octopode Ice Elementalist began the quest for
                  | the Orb.
     0 | D:1      | Reached XP level 1. HP: 11/11 MP: 3/3
   172 | D:1      | Reached XP level 2. HP: 14/17 MP: 3/5
   831 | D:1      | Reached XP level 3. HP: 21/21 MP: 6/6
  1141 | D:2      | Learned a level 3 spell: Frozen Ramparts
  1458 | D:2      | Reached skill level 5 in Ice Magic
  1458 | D:2      | Reached XP level 4. HP: 19/27 MP: 8/8
  1802 | D:2      | Reached XP level 5. HP: 31/31 MP: 9/9
  2443 | D:3      | Noticed Jessica
  2445 | D:3      | Killed Jessica
  2735 | D:3      | Found Zarrafak's Jewellery Shoppe.
  2757 | D:3      | Found a broken altar of Ashenzari.
  3083 | D:3      | Reached XP level 6. HP: 29/36 MP: 10/10
  3199 | D:4      | You fall into a shaft and drop 1 floor!
  3199 | D:5      | Entered Level 5 of the Dungeon
  3211 | D:5      | Noticed a necrophage
  3221 | D:5      | Killed a necrophage
  3255 | D:5      | Reached XP level 7. HP: 41/41 MP: 12/12
  3275 | D:5      | Learned a level 3 spell: Ozocubu's Armour
  3931 | D:5      | Found a runed translucent door.
  3931 | D:5      | Noticed Menkaure
  3932 | D:5      | Noticed Crazy Yiuf
  3989 | D:5      | Learned a level 4 spell: Summon Ice Beast
  4152 | D:5      | Reached XP level 8. HP: 34/47 MP: 14/14
  4336 | D:5      | Reached skill level 1 in Fighting
  4355 | D:5      | Reached skill level 1 in Evocations
  4398 | D:5      | Reached skill level 1 in Summonings
  4943 | D:6      | Noticed Prince Ribbit
  4952 | D:6      | Killed Prince Ribbit
  4953 | D:6      | Reached skill level 5 in Dodging
  5395 | D:6      | Found a broken altar of Ashenzari.
  5536 | D:6      | Reached skill level 5 in Spellcasting
  5536 | D:6      | Reached XP level 9. HP: 45/55 MP: 16/16
  5723 | D:6      | Found a radiant altar of Vehumet.
  5764 | D:6      | Noticed Grinder
  6477 | D:6      | Learned a level 4 spell: Hailstorm
  6484 | D:6      | Noticed a nameless horror
  6487 | D:6      | Killed a nameless horror
  7107 | D:6      | Killed Grinder
  7443 | D:6      | Reached skill level 1 in Short Blades
  7799 | D:6      | Reached skill level 1 in Conjurations
  7799 | D:6      | Reached XP level 10. HP: 59/61 MP: 11/18
  7932 | D:6      | Found a shimmering altar of Xom.
  8137 | D:7      | Found a staircase to the Ecumenical Temple.
  8164 | Temple   | Entered the Ecumenical Temple
  8171 | Temple   | Became a worshipper of Gozag Ym Sagoz the Greedy
  8966 | D:7      | Identified a scroll of acquirement
  8966 | D:7      | Acquired a book of Ice
  8973 | D:8      | Noticed a death yak
  8975 | D:8      | Noticed a death yak
  8980 | D:8      | Noticed a death yak
  9112 | D:8      | Killed a death yak
  9154 | D:7      | Killed a death yak
  9300 | D:8      | Noticed Erica
  9313 | D:8      | Killed Erica
  9314 | D:8      | Reached skill level 10 in Ice Magic
  9314 | D:8      | Reached skill level 5 in Evocations
  9374 | D:8      | Noticed Joseph
  9387 | D:8      | Killed Joseph
  9388 | D:8      | Reached skill level 5 in Fighting
  9722 | D:8      | Reached XP level 11. HP: 71/71 MP: 20/20
  9918 | D:8      | Killed a death yak
  9919 | D:8      | Reached skill level 5 in Summonings
 10096 | D:8      | Found a staircase to the Lair.
 11135 | D:3      | Bought a ring of wizardry for 330 gold pieces
 11135 | D:3      | Bought a ring of poison resistance for 220 gold pieces
 11289 | D:9      | Found a staircase to the Orcish Mines.
 11317 | D:9      | Acquired a +0 hat of see invisible
 11885 | D:9      | Noticed a two-headed ogre
 11895 | D:9      | Killed a two-headed ogre
 12077 | D:9      | Noticed a two-headed ogre
 12077 | D:9      | HP: 2/71 [molten gargoyle/bolt of magma (18)]
 13177 | D:9      | Found a stormy altar of Qazlal.
 13206 | D:9      | Killed a two-headed ogre
 13538 | D:10     | Entered Level 10 of the Dungeon
 13555 | D:10     | Noticed a two-headed ogre
 13562 | D:10     | Killed a two-headed ogre
 13657 | D:9      | Learned a level 6 spell: Freezing Cloud
 13676 | D:10     | Paralysed by a hornet for 3 turns
 14033 | Orc:1    | Entered Level 1 of the Orcish Mines
 14033 | Orc:1    | Found a flagged portal.
 14038 | Bailey   | Entered a bailey
 14124 | Bailey   | Reached skill level 5 in Short Blades
 14449 | Bailey   | Reached skill level 1 in Air Magic
 14700 | Bailey   | Reached skill level 5 in Conjurations
 15394 | Bailey   | Reached XP level 12. HP: 77/77 MP: 19/23
 15817 | Orc:2    | Entered Level 2 of the Orcish Mines
 15817 | Orc:2    | Noticed Saint Roka
 15880 | Lair:1   | Entered Level 1 of the Lair of Beasts
 15886 | Lair:1   | Found a shadowy altar of Dithmenos.
 17185 | Lair:1   | Found the +8 whip "Snakebite" {curare, rPois}
 17713 | Lair:2   | Noticed Sonja
 17721 | Lair:2   | Killed Sonja
 17951 | Lair:2   | Identified the +1 quarterstaff of Eternal Night {flame,
                  | Int+6}
 18016 | Lair:2   | Reached skill level 1 in Maces & Flails
 19027 | Lair:3   | Found a staircase to the Shoals.
 19035 | Lair:3   | You fall into a shaft and drop 1 floor!
 19053 | Lair:4   | Found a staircase to the Snake Pit.
 19079 | Lair:4   | Noticed a five-headed hydra
 19097 | Lair:4   | Killed a five-headed hydra
 19221 | Lair:4   | Reached XP level 13. HP: 37/81 MP: 25/25
 20459 | Lair:4   | Reached skill level 5 in Air Magic
 22131 | Lair:5   | Noticed Urug
 22140 | Lair:5   | Killed Urug
 22474 | Lair:5   | Reached skill level 5 in Maces & Flails
 22844 | Lair:5   | Learned a level 7 spell: Ozocubu's Refrigeration
 23012 | Lair:5   | Noticed a fire dragon
 23019 | Lair:5   | Killed a fire dragon
 23022 | Lair:5   | Reached XP level 14. HP: 88/88 MP: 19/27
 23243 | Lair:5   | Reached skill level 10 in Spellcasting
 23669 | Lair:5   | Found a staircase to the Slime Pits.
 24591 | Lair:6   | Entered Level 6 of the Lair of Beasts
 24801 | Lair:6   | Reached skill level 15 in Ice Magic
 24965 | Lair:6   | Acquired the ring of Gachosuk {rPois rN+ Will+ Dex+3}
 24972 | Lair:6   | Acquired 581 gold pieces
 25577 | Lair:6   | Found a shimmering altar of Xom.
 26937 | Lair:6   | Identified the +2 scimitar of the Wasp {venom, Dex+4}
 27423 | Orc:1    | Noticed an orc warlord
 27437 | Orc:1    | Killed an orc warlord
 28035 | Orc:2    | Found Kyonurghumm's Distillery.
 28113 | Orc:2    | Reached XP level 15. HP: 63/92 MP: 17/30
 28556 | Orc:2    | Found Noboc's Distillery.
 28571 | Orc:2    | Found Elietuk's Distillery.
 28575 | Orc:2    | Bought a potion of degeneration for 16 gold pieces
 28607 | Orc:2    | Found Koekhly's General Store.
 28701 | Orc:2    | Noticed Donald
 28838 | Orc:2    | Killed Donald
 29737 | D:10     | Found a portal to a secret trove of treasure.
 29975 | D:10     | Identified Sif Muna's Almanac of Sand
 29982 | D:10     | Identified Yhefauwk's Papyrus of Axaxaxas mlö
 29995 | D:10     | Identified Ts'ui Pên's Almanac of Forking Paths
 30444 | Lair:5   | Bought the +3 Elemental Staff {rElec rF++ rC++ Will++ AC+5}
                  | for 3226 gold pieces
 30444 | Lair:5   | Found the +3 Elemental Staff {rElec rF++ rC++ Will++ AC+5}
 31507 | D:11     | Reached skill level 1 in Staves
 31776 | D:11     | Noticed Gastronok
 31786 | D:11     | Killed Gastronok
 32162 | D:11     | Identified the +10 plate armour "Ytehicse" {Regen+ Int-5
                  | Stlth+}
 32449 | D:12     | Found a runed translucent gate.
 32449 | D:12     | Found a runed translucent gate.
 32450 | D:12     | Noticed Fannar
 32451 | D:12     | Found a runed translucent gate.
 32453 | D:12     | Noticed Zanta616's ghost (journeyman DrBe)
 32472 | D:12     | Killed Fannar
 33406 | D:12     | Learned a level 6 spell: Iron Shot
 33811 | D:12     | Reached skill level 1 in Earth Magic
 33994 | D:12     | Found a runed translucent door.
 34678 | D:13     | Noticed Erolcha
 34686 | D:13     | Noticed Nessos
 34690 | D:13     | Killed Nessos
 34691 | D:13     | Reached XP level 16. HP: 67/103 MP: 21/32
 34788 | D:13     | Found a frozen archway.
 34824 | IceCv    | Entered an ice cave
 36662 | D:13     | Killed Erolcha
 36775 | D:13     | Found a gate to the Vaults.
 36775 | D:13     | Noticed Kirke
 36778 | D:13     | Reached skill level 1 in Shields
 36779 | D:13     | Killed Kirke
 37940 | Orc:2    | Killed Saint Roka
 38587 | Orc:2    | Found a staircase to the Elven Halls.
 38743 | Elf:1    | Entered Level 1 of the Elven Halls
 38888 | Elf:1    | Reached skill level 5 in Staves
 39440 | Elf:1    | Noticed an Ice Fiend
 39583 | Elf:1    | Reached XP level 17. HP: 109/109 MP: 27/33
 39692 | Elf:1    | Found a runed translucent gate.
 39692 | Elf:1    | Found a runed translucent gate.
 39692 | Elf:1    | Found a runed translucent gate.
 39692 | Elf:1    | Found a runed translucent gate.
 39692 | Elf:1    | Found a runed translucent gate.
 39694 | Elf:1    | Found a runed translucent gate.
 39764 | Elf:1    | Noticed Nikola
 39776 | Elf:1    | Reached skill level 5 in Shields
 39776 | Elf:1    | Reached skill level 5 in Earth Magic
 39785 | Elf:1    | Killed Louise
 39786 | Elf:1    | Killed Nikola
 40190 | Elf:1    | Found Kiobruo's Antique Weapon Boutique.
 40450 | Elf:1    | Found Sanuriu's Book Shop.
 40450 | Elf:1    | Found Wuogg's Jewellery Emporium.
 40451 | Elf:1    | Found Meaptoma's Jewellery Emporium.
 40458 | Elf:1    | Bought a book of Annihilations for 1656 gold pieces
 40988 | Elf:2    | Found a shimmering blue altar of Sif Muna.
 41933 | Elf:2    | Found a huge runed translucent gate.
 41933 | Elf:2    | Found a huge runed translucent gate.
 41933 | Elf:2    | Found a huge runed translucent gate.
 41933 | Elf:2    | Found a huge runed translucent gate.
 41938 | Elf:2    | Found a huge runed translucent gate.
 43216 | Elf:2    | Noticed Azrael
 43219 | Elf:2    | Killed Azrael
 43767 | Elf:3    | Entered Level 3 of the Elven Halls
 43813 | Elf:3    | Reached XP level 18. HP: 116/116 MP: 35/35
 43895 | Elf:3    | Found a flickering gateway to a bazaar.
 44109 | Bazaar   | Entered a bazaar
 44109 | Bazaar   | Found Mehageil's Antique Weapon Shop.
 44109 | Bazaar   | Found Rariasha's Magic Scroll Emporium.
 44109 | Bazaar   | Found Sotuump's Armour Shop.
 44109 | Bazaar   | Found Riub Idgh's Assorted Antiques.
 44161 | Bazaar   | Bought 2 scrolls of fear for 91 gold pieces
 44203 | Elf:3    | Reached skill level 10 in Conjurations
 44329 | Elf:3    | Identified the +0 pair of gloves of the Blessed Realm
                  | {rPois Dex+2 Stlth+}
 45164 | Elf:3    | Noticed a deep elf blademaster
 45167 | Elf:3    | Killed a deep elf blademaster
 45244 | Elf:3    | Noticed a deep elf master archer
 45247 | Elf:3    | Killed a deep elf master archer
 45328 | Elf:3    | Identified the +8 flail "Wuheac" {elec, Str+3}
 45328 | Elf:3    | Identified the ring "Eggaps" {rC+ Will+ MP+9 Dex+4}
 45334 | Elf:3    | Identified the amulet of Gusoqo {Reflect Int+3 SH+5}
 45544 | Elf:3    | Identified the +12 falchion "Daerchur" {freeze, rC+ Str-5
                  | Int+2 Stlth+}
 45894 | Elf:3    | Noticed a Hell Sentinel
 46238 | Elf:3    | Noticed a deep elf blademaster
 46243 | Elf:3    | Killed a deep elf blademaster
 46411 | Elf:3    | Noticed a deep elf master archer
 46414 | Elf:3    | Killed a deep elf master archer
 46631 | Elf:3    | Identified the Catalogue of the Glacial Volcanoes
 46914 | Elf:1    | Bought the ring of Paufyixze {Will+ SInv} for 386 gold
                  | pieces
 47093 | D:14     | Reached XP level 19. HP: 105/120 MP: 15/36
 47455 | D:14     | Identified the +1 chain mail of Classification {SInv}
 47496 | D:14     | Found a hide-covered altar of Uskayaw.
 47761 | D:14     | Found a shadowy altar of Dithmenos.
 47900 | D:15     | Entered Level 15 of the Dungeon
 48353 | D:15     | Found a staircase to the Depths.
 48417 | D:15     | Reached skill level 10 in Shields
 49361 | Shoals:1 | Entered Level 1 of the Shoals
 49417 | Snake:1  | Entered Level 1 of the Snake Pit
 49571 | Snake:1  | Noticed Rupert
 49577 | Snake:1  | Killed Rupert
 49731 | Snake:1  | Identified the +8 hand crossbow of Victory {flame, rF+ rC+}
 49774 | Snake:1  | You fall into a shaft and drop 1 floor!
 49818 | Snake:1  | Found a transporter.
 49951 | Snake:1  | Found a radiant altar of Vehumet.
 49955 | Snake:1  | Found a transporter.
 50022 | Snake:1  | Found Vanuziamm's Antique Weapon Shoppe.
 50463 | Snake:1  | Learned a level 9 spell: Absolute Zero
 50615 | Snake:2  | Noticed Roxanne
 51805 | Snake:2  | Killed Roxanne
 52867 | Snake:3  | Noticed Aizul
 52872 | Snake:3  | Killed Aizul
 53140 | Snake:3  | Noticed Agnes
 53146 | Snake:3  | Killed Agnes
 53443 | Snake:3  | Identified the +2 ring mail of Veakli Dacop {+Fly Will-
                  | Str+6 Int+8}
 53547 | Snake:4  | Entered Level 4 of the Snake Pit
 53567 | Snake:4  | Reached XP level 20. HP: 126/126 MP: 37/37
 54146 | Snake:4  | Found a transporter.
 54158 | Snake:4  | Found a transporter.
 54161 | Snake:4  | Noticed Guhan's ghost (adept GnWn)
 55317 | Snake:4  | Identified the +4 scale mail of Weirdness {Will+ rCorr}
 56105 | Snake:4  | Got a serpentine rune of Zot
 56763 | Snake:1  | Identified the +1 hat of the Spider Nest {rF+ rC- Dex+3}
 57443 | Shoals:1 | Found a transporter.
 57757 | Shoals:1 | Found a one-way gate to the infinite horrors of the Abyss.
 57757 | Shoals:1 | Noticed Guqom's ghost (journeyman MiBe)
 57872 | Shoals:1 | Found a transporter.
 59674 | Shoals:3 | Found Cuecsy's Jewellery Emporium.
 59833 | Shoals:3 | Noticed Bai Suzhen
 59918 | Shoals:3 | Killed Bai Suzhen
 59919 | Shoals:3 | Reached XP level 21. HP: 132/132 MP: 38/38
 60776 | Shoals:3 | Identified the +4 quarterstaff "Spiderbane" {spect, Fragile
                  | rElec rC+}
 61215 | Shoals:4 | Entered Level 4 of the Shoals
 61312 | Shoals:4 | Noticed Ilsuiw
 61429 | Shoals:4 | Killed Ilsuiw
 63157 | Shoals:4 | Found the +10 Black Knight's barding {ponderous, rPois rN+}
 63258 | Shoals:4 | Got a barnacled rune of Zot
 63676 | Shoals:3 | Bought the ring of the Wild Haggis {rPois Str+6 Int+4
                  | Dex+6} for 1814 gold pieces
 63972 | Snake:4  | Killed Guhan's ghost
 64129 | Snake:4  | Identified the ring of the Oligarchy {rPois Dex+3 Stlth+}
 64441 | Vaults:1 | Entered Level 1 of the Vaults
 64800 | Vaults:1 | Reached XP level 22. HP: 137/137 MP: 37/40
 65066 | Vaults:1 | Identified the +5 long sword of the Coward {drain, +Inv
                  | Will++ Int+2}
 65562 | D:13     | Bought a book of the Tempests for 910 gold pieces
 65571 | D:13     | Learned a level 8 spell: Ignition
 65655 | Vaults:1 | Reached skill level 1 in Fire Magic
 65786 | Vaults:1 | You fall into a shaft and drop 1 floor!
 66594 | Vaults:2 | Found a staircase to the Crypt.
 66999 | Vaults:2 | Found Siupoagu's Weapon Shop.
 67098 | Vaults:2 | Found Aliveddu's Book Shop.
 67122 | Vaults:2 | Found Seus's Assorted Antiques.
 67170 | Vaults:2 | Bought a scroll of fear for 133 gold pieces
 67385 | D:10     | You paid a toll of 6 scrolls of fear to enter a treasure
                  | trove
 67386 | Trove    | Entered a treasure trove
 67633 | Trove    | Identified the ring "Dosemn" {Will+ Int+3 Dex+4 Stlth+}
 67644 | Trove    | Identified the +1 hat of Bedazzling Contentment {Rampage
                  | Str+3}
 68223 | Vaults:2 | Reached skill level 5 in Fire Magic
 68530 | Vaults:2 | Reached skill level 15 in Shields
 69021 | Vaults:2 | Bought a book of Alchemy for 1050 gold pieces
 69024 | Vaults:2 | Learned a level 2 spell: Sublimation of Blood
 69204 | Vaults:3 | Reached skill level 1 in Necromancy
 69703 | Vaults:3 | Reached skill level 15 in Spellcasting
 69705 | Vaults:3 | Reached XP level 23. HP: 143/143 MP: 27/42
 70321 | Vaults:3 | Found Ciposuh's Distillery.
 70329 | Vaults:3 | Bought a potion of curing for 42 gold pieces
 70329 | Vaults:3 | Bought a potion of heal wounds for 70 gold pieces
 70329 | Vaults:3 | Bought a potion of curing for 42 gold pieces
 70329 | Vaults:3 | Bought a potion of curing for 42 gold pieces
 70329 | Vaults:3 | Bought a potion of magic for 112 gold pieces
 70752 | Vaults:3 | Acquired the +3 crown of Dyrovepreva {rElec Int+2 SInv}
 70753 | Vaults:3 | Found the +3 crown of Dyrovepreva {rElec Int+2 SInv}
 71727 | Vaults:4 | Noticed Mara
 71731 | Vaults:4 | Killed Mara
 71853 | Vaults:4 | Reached skill level 5 in Necromancy
 72881 | Vaults:5 | Entered Level 5 of the Vaults
 72884 | Vaults:5 | Reached skill level 10 in Fire Magic
 73218 | Depths:1 | Entered Level 1 of the Depths
 73597 | Depths:1 | Found a gateway to Hell.
 73603 | Depths:1 | Reached XP level 24. HP: 121/148 MP: 40/42
 73869 | Depths:1 | Noticed Maysuzeg's ghost (adept MiBe)
 73872 | Depths:1 | Noticed Izantual's ghost (veteran PaDe)
 73872 | Depths:1 | Noticed a caustic shrike
 73877 | Depths:1 | Noticed a juggernaut
 73891 | Depths:1 | Found a transporter.
 74120 | Depths:1 | Found a transporter.
 75542 | Depths:2 | Found the +8 Vampire's Tooth {vamp}
 75688 | Depths:2 | Found a one-way gate leading to the halls of Pandemonium.
 75723 | Depths:2 | Identified the Reference Book on Flying Confrontation
 75730 | Depths:2 | Learned a level 2 spell: Blink
 75733 | Depths:2 | Learned a level 2 spell: Swiftness
 75740 | Depths:2 | Found the +3 robe of Folly {Archmagi, Will-- Int+5}
 75740 | Depths:2 | Found the amulet of Vitality {Regen+ HP+15}
 75895 | Depths:2 | Found a large runed translucent door.
 75896 | Depths:2 | Found a large runed translucent door.
 75903 | Depths:2 | Noticed Evulen's ghost (veteran TeCj)
 75912 | Depths:2 | Killed Evulen's ghost
 77261 | Depths:3 | Reached skill level 1 in Throwing
 77620 | Depths:3 | Reached XP level 25. HP: 148/157 MP: 11/43
 77859 | Depths:3 | Found a gateway to a ziggurat.
 77868 | Depths:3 | Found a runed translucent gate.
 78035 | Depths:3 | Found a runed translucent gate.
 78035 | Depths:3 | Found a runed translucent gate.
 78037 | Depths:3 | Noticed Raitaz's ghost (journeyman MiBe)
 78041 | Depths:3 | Found a viscous altar of Jiyva.
 78054 | Depths:3 | Killed Raitaz's ghost
 78303 | Depths:3 | Found a runed translucent door.
 78304 | Depths:3 | Identified the +6 hand axe of Purpose {venom, rF+}
 78306 | Depths:3 | Identified the ring "Busaf" {rN+ Dex+3 Slay+2}
 78307 | Depths:3 | Noticed a juggernaut
 78312 | Depths:3 | Reached skill level 10 in Necromancy
 78312 | Depths:3 | Killed a juggernaut
 78313 | Depths:3 | Reached skill level 5 in Throwing
 78318 | Depths:3 | Identified Garock's Grimoire of Venomous Heat
 78444 | Depths:3 | Found a large runed translucent door.
 78444 | Depths:3 | Found a large runed translucent door.
 78643 | Depths:3 | Reached skill level 15 in Fire Magic
 78716 | Depths:3 | Reached skill level 10 in Fighting
 79812 | Depths:3 | Learned a level 6 spell: Statue Form
 80096 | Lair:4   | Bought a Necronomicon for 1435 gold pieces
 80096 | Lair:4   | Bought a manual of Dodging for 1435 gold pieces
 80105 | Lair:4   | Learned a level 8 spell: Necromutation
 80433 | Vaults:5 | Noticed a dread lich
 80438 | Vaults:5 | Reached skill level 1 in Transmutations
 80890 | Crypt:1  | Entered Level 1 of the Crypt
 81213 | Crypt:1  | Noticed Xtahua
 81217 | Crypt:1  | Killed Xtahua
 81602 | Crypt:1  | Reached XP level 26. HP: 167/167 MP: 18/43
 81773 | Crypt:1  | Found a basalt altar of Yredelemnul.
 83865 | Crypt:3  | Entered Level 3 of the Crypt
 83876 | Crypt:3  | Noticed Khufu
 83880 | Crypt:3  | Killed Khufu
 83881 | Crypt:3  | Reached skill level 10 in Staves
 84168 | Crypt:3  | Reached skill level 10 in Throwing
 84943 | Crypt:3  | Found an ancient bone altar of Kikubaaqudgha.
 85808 | Crypt:3  | Found a staircase to the Tomb.
 85947 | Crypt:3  | Reached skill level 5 in Transmutations
 86189 | Crypt:3  | Noticed an ancient lich
 86191 | Crypt:3  | Killed an ancient lich
 86202 | Crypt:3  | Identified the Guide on Necromancy
 86580 | Crypt:3  | Reached skill level 10 in Dodging
 86893 | Vaults:5 | Gained mutation: You sometimes lose the ability to read
                  | scrolls when taking damage. [a shining eye]
 86903 | Vaults:4 | Lost mutation: You sometimes lose the ability to read
                  | scrolls when taking damage. [potion of mutation]
 86903 | Vaults:4 | Gained mutation: One of your tentacles bears a spike.
                  | [potion of mutation]
 86903 | Vaults:4 | Gained mutation: You evolve. [potion of mutation]
 86930 | Vaults:5 | Reached XP level 27. HP: 176/176 MP: 43/43
 86933 | Vaults:5 | Killed a dread lich
 87013 | Vaults:5 | Identified the +2 great sword "Udehas" {venom, rF+ Int+3}
 87348 | Vaults:5 | Gained mutation: Your flesh is cold resistant. (rC+)
                  | [evolution]
 87364 | Vaults:5 | Identified Malidwam's Collected Works on Supportive Evil
                  | Rituals
 88453 | Vaults:5 | Found the +9 heavy crossbow "Sniper" {vorpal, Acc+∞ SInv}
 88461 | Vaults:5 | Identified the +0 pair of gloves of Crawling {rElec}
 88476 | Vaults:5 | Identified the +8 flail of the Leaping Butterfly {drain,
                  | +Rage rPois rC+++ Will-}
 88657 | Vaults:5 | Got a silver rune of Zot
 88691 | Vaults:5 | Identified the +6 hand crossbow "Iruonido" {freeze, Will+
                  | SInv}
 88824 | Vaults:5 | Identified Komo's Guide on Intoxication and Orientation
 89646 | Depths:4 | Found a corrupted altar of Lugonu.
 90682 | Depths:5 | Entered Level 5 of the Depths
 91121 | Depths:5 | Bought the ring of Vuogead {Will+ rCorr} for 358 gold
                  | pieces
 91258 | Depths:5 | Found a gate to the Realm of Zot.
 91600 | Depths:5 | Noticed Margery
 91603 | Depths:5 | Killed Margery
 91679 | Depths:5 | Found a sparkling altar of Nemelex Xobeh.
 92190 | Zot:1    | Entered Level 1 of the Realm of Zot
 93923 | Zot:2    | Reached skill level 10 in Transmutations
 94356 | Zot:2    | Gained mutation: One of your tentacles bears a nasty spike.
                  | [evolution]
 94507 | Zot:2    | Reached skill level 10 in Evocations
 95819 | Zot:3    | Noticed an orb of fire
 95820 | Zot:3    | Gained mutation: You sometimes lose the ability to read
                  | scrolls when taking damage. [an orb of fire]
 95820 | Zot:3    | Lost mutation: You sometimes lose the ability to read
                  | scrolls when taking damage. [an orb of fire]
 95824 | Zot:3    | Gained mutation: You sometimes lose the ability to read
                  | scrolls when taking damage. [an orb of fire]
 95829 | Zot:2    | Killed an orb of fire
 95837 | Zot:2    | Lost mutation: You sometimes lose the ability to read
                  | scrolls when taking damage. [potion of mutation]
 95837 | Zot:2    | Lost mutation: You evolve. [potion of mutation]
 95837 | Zot:2    | Lost mutation: One of your tentacles bears a nasty spike.
                  | [potion of mutation]
 95837 | Zot:2    | Gained mutation: Your body sometimes deteriorates upon
                  | taking damage. [potion of mutation]
 95837 | Zot:2    | Gained mutation: Your spells are a little harder to cast,
                  | but a little more powerful. [potion of mutation]
 95837 | Zot:2    | Gained mutation: You are covered in fur. (AC +1) [potion of
                  | mutation]
 95838 | Zot:2    | Lost mutation: One of your tentacles bears a spike. [potion
                  | of mutation]
 95838 | Zot:2    | Lost mutation: Your body sometimes deteriorates upon taking
                  | damage. [potion of mutation]
 95838 | Zot:2    | Lost mutation: You are covered in fur. (AC +1) [potion of
                  | mutation]
 95838 | Zot:2    | Lost mutation: Your flesh is cold resistant. (rC+) [potion
                  | of mutation]
 95838 | Zot:2    | Gained mutation: You have an increased reservoir of magic.
                  | (+10% MP) [potion of mutation]
 95838 | Zot:2    | Gained mutation: You passively map a small area around you.
                  | [potion of mutation]
 96762 | Zot:3    | Reached skill level 15 in Dodging
 97138 | Zot:4    | Found a transporter.
 97297 | Zot:4    | Noticed an ancient lich
 97300 | Zot:4    | Noticed a dread lich
 97312 | Zot:4    | Learned a level 9 spell: Fire Storm
 97327 | Zot:4    | Killed an ancient lich
 97332 | Zot:4    | Killed a dread lich
 97452 | Zot:4    | Noticed a dread lich
 98143 | Zot:4    | Found a transporter.
 98384 | Zot:4    | Killed a dread lich
 98385 | Zot:4    | Reached skill level 15 in Fighting
 98594 | Zot:4    | Identified the amulet of Sollioph {rPois Regen+ Str+3 Int+2
                  | Stlth+}
 98609 | Zot:4    | Identified the amulet of Qumawire {Faith Int+3 Dex+4}
 98626 | Zot:4    | Identified the ring of the Scarab {*Slow rPois rF++ Str+2
                  | SInv}
 98655 | Zot:5    | Entered Level 5 of the Realm of Zot
 98865 | Zot:5    | Reached skill level 15 in Necromancy
 99201 | Zot:5    | Noticed an orb of fire
 99210 | Zot:5    | Killed an orb of fire
 99359 | Zot:5    | Reached skill level 15 in Conjurations
 99359 | Zot:5    | Noticed an orb of fire
 99433 | Zot:5    | Noticed an orb of fire
 99434 | Zot:5    | Gained mutation: You sometimes lose the ability to read
                  | scrolls when taking damage. [an orb of fire]
 99436 | Zot:5    | Killed an orb of fire
 99442 | Zot:4    | Lost mutation: Your spells are a little harder to cast, but
                  | a little more powerful. [potion of mutation]
 99442 | Zot:4    | Lost mutation: You sometimes lose the ability to read
                  | scrolls when taking damage. [potion of mutation]
 99442 | Zot:4    | Lost mutation: You passively map a small area around you.
                  | [potion of mutation]
 99442 | Zot:4    | Gained mutation: You are partially covered in large bone
                  | plates. (SH +4) [potion of mutation]
 99442 | Zot:4    | Gained mutation: You are covered in fur. (AC +1) [potion of
                  | mutation]
 99442 | Zot:4    | Gained mutation: You are strong-willed. (Will+) [potion of
                  | mutation]
 99496 | Zot:5    | Gained mutation: You are dopey. (Int -2) [an orb of fire]
 99496 | Zot:5    | Lost mutation: You are dopey. (Int -2) [an orb of fire]
 99497 | Zot:5    | Killed an orb of fire
 99498 | Zot:5    | Noticed an orb of fire
 99500 | Zot:5    | Killed an orb of fire
 99844 | Zot:5    | Noticed an orb of fire
 99849 | Zot:5    | Killed an orb of fire
100049 | Zot:5    | Noticed an orb of fire
100052 | Zot:5    | Killed an orb of fire
100149 | Zot:5    | Noticed an orb of fire
100149 | Zot:5    | Gained mutation: Your body sometimes deteriorates upon
                  | taking damage. [an orb of fire]
100158 | Zot:5    | Killed an orb of fire
100162 | Zot:5    | Noticed an orb of fire
100171 | Zot:5    | Killed an orb of fire
100418 | Zot:5    | Noticed an orb of fire
100423 | Zot:5    | Killed an orb of fire
100634 | Zot:5    | Noticed an orb of fire
100638 | Zot:5    | Killed an orb of fire
101157 | Zot:5    | Noticed an ancient lich
101158 | Zot:5    | Noticed an ancient lich
101159 | Zot:5    | Killed an ancient lich
101161 | Zot:5    | Killed an ancient lich
101903 | Depths:4 | Voluntarily entered the Abyss.
102601 | Abyss:2  | Found a corrupted altar of Lugonu.
102653 | Abyss:2  | Noticed a dread lich
102655 | Abyss:2  | Killed a dread lich
102939 | Abyss:3  | Found a corrupted altar of Lugonu.
103026 | Abyss:3  | Got an abyssal rune of Zot
103168 | Depths:4 | Escaped the Abyss
103202 | Pan      | Entered Pandemonium
103829 | Pan      | Noticed Piora the pandemonium lord
103834 | Pan      | Killed Piora the pandemonium lord
104680 | Pan      | Reached skill level 1 in Translocations
105371 | Pan      | Noticed Xiur the pandemonium lord
105376 | Pan      | Killed Xiur the pandemonium lord
106050 | Pan      | Noticed Joimatep the pandemonium lord
106058 | Pan      | Killed Joimatep the pandemonium lord
106504 | Pan      | Got a demonic rune of Zot
107412 | Pan      | Reached skill level 5 in Stealth
107883 | Pan      | Entered the realm of Gloorx Vloq.
108180 | Pan      | Reached skill level 5 in Translocations
108560 | Pan      | Found an exit through the horrors of the Abyss.
108756 | Pan      | Noticed Gloorx Vloq
108758 | Pan      | Killed Gloorx Vloq
108857 | Pan      | Got a dark rune of Zot
109297 | Pan      | Identified the +0 scale mail of Eternal Vigilance {Rampage
                  | rF+ rC+}
110480 | Pan      | Found an exit through the horrors of the Abyss.
111008 | Pan      | Noticed Ymonaovo the pandemonium lord
111011 | Pan      | Killed Ymonaovo the pandemonium lord
111275 | Pan      | Acquired the ring of Xeacikhys {rElec Will+ Str+6 Dex+2}
112704 | Pan      | Reached skill level 10 in Stealth
112993 | Pan      | Noticed Ociamnuu the pandemonium lord
112997 | Pan      | Killed Ociamnuu the pandemonium lord
113897 | Pan      | Found an exit through the horrors of the Abyss.
115173 | Pan      | Entered the realm of Cerebov.
115353 | Pan      | Found the +6 sword of Cerebov {flame}
115353 | Pan      | Noticed Cerebov
115355 | Pan      | Killed Cerebov
115358 | Pan      | Identified the ring of Ighiodu {rElec rC+ Will+ Str-5}
115390 | Pan      | Identified the Reference Book on the Escort and Heat
115563 | Pan      | Identified Fikudu's Incunabulum of the Volcanoes and
                  | Bewitchment
115599 | Pan      | Got a fiery rune of Zot
115863 | Pan      | Identified the +4 rapier "Plog" {vorpal, Dex+2}
116762 | Pan      | Found an exit through the horrors of the Abyss.
117312 | Pan      | Identified the Collected Works on the Hurtful Mountains
117438 | Pan      | Acquired 1120 gold pieces
117754 | Pan      | Found a transporter.
117950 | Pan      | Found a transporter.
118017 | Pan      | Reached skill level 15 in Transmutations
118232 | Pan      | Found an exit through the horrors of the Abyss.
118384 | Pan      | Upgraded the game from 0.27-a0-836-gfc908b8576 to
                  | 0.27-a0-887-gcab673c142
118911 | Pan      | Identified the amulet "Plog" {Acrobat Will+ Str+4}
118932 | Pan      | Identified the +0 helmet "Emuiceuwn" {-Tele Will+ Slay+3}
119219 | Pan      | Found an exit through the horrors of the Abyss.
119831 | Pan      | Noticed Meolalor the pandemonium lord
119833 | Pan      | Killed Meolalor the pandemonium lord
120160 | Pan      | Entered the realm of Lom Lobon.
120431 | Pan      | Found an exit through the horrors of the Abyss.
121728 | Pan      | Noticed Lom Lobon
121729 | Pan      | Killed Lom Lobon
121855 | Pan      | Got a magical rune of Zot
122050 | Pan      | Reached skill level 15 in Stealth
122431 | Pan      | Entered the realm of Mnoleg.
122852 | Pan      | Paralysed by a floating eye for 4 turns
123414 | Pan      | Found an exit through the horrors of the Abyss.
123793 | Pan      | Noticed Mnoleg
123794 | Pan      | Killed Mnoleg
123974 | Pan      | Identified the ring of Henotheism {Fire rN+ Dex+5 Slay+3}
124015 | Pan      | Got a glowing rune of Zot
124436 | Pan      | Took an exit into the Abyss.
124436 | Abyss:1  | Escaped into the Abyss
124476 | Depths:3 | Escaped the Abyss
124765 | Slime:1  | Entered Level 1 of the Pits of Slime
128218 | Slime:5  | Entered Level 5 of the Pits of Slime
128921 | Slime:5  | Noticed the Royal Jelly
128939 | Slime:5  | Killed the Royal Jelly
129219 | Slime:5  | Identified the +1 chain mail "Necyrche" {rCorr}
129223 | Slime:5  | Identified the +6 hand axe of Ruwnonux {drain, SInv}
129237 | Slime:5  | Identified the Disquisition on the Rocks and Cold
129240 | Slime:5  | Got a slimy rune of Zot
129661 | Hell     | Entered the Vestibule of Hell
129661 | Hell     | Noticed Geryon
129666 | Hell     | Killed Geryon
129850 | Hell     | Found a gateway to the freezing wastes of Cocytus.
130118 | Hell     | Found a gateway to the Iron City of Dis.
130248 | Hell     | Noticed Murray
130252 | Hell     | Killed Murray
130301 | Hell     | Found a gateway to the ashen valley of Gehenna.
130384 | Hell     | Found a gateway to the decaying netherworld of Tartarus.
130750 | Geh:1    | Entered Level 1 of Gehenna
132345 | Geh:7    | Entered Level 7 of Gehenna
133567 | Geh:7    | Identified the Tome of Feathers
133577 | Geh:7    | Identified the +7 war axe "Bizom" {vorpal, Will+}
133578 | Geh:7    | Identified the +7 great sword of Pyromania {vorpal, Str+7
                  | Int-2}
134112 | Geh:7    | Found the +7 sceptre of Asmodeus
134112 | Geh:7    | Noticed Asmodeus
134113 | Geh:7    | Killed Asmodeus
134177 | Geh:7    | Got an obsidian rune of Zot
134372 | Coc:1    | Entered Level 1 of Cocytus
136217 | Coc:6    | Identified the +0 great mace of Objectivity {antimagic,
                  | Str+3}
136306 | Coc:7    | Entered Level 7 of Cocytus
136333 | Coc:7    | Reached skill level 27 in Ice Magic
136697 | Coc:7    | Identified the +4 morningstar of Megalomania {vorpal, rN+
                  | Dex+3}
136719 | Coc:7    | Identified the +6 scale mail of Mezcal {rF+++ Dex+2}
136885 | Coc:7    | Noticed Antaeus
136886 | Coc:7    | Killed Antaeus
137095 | Coc:7    | Got an icy rune of Zot
137253 | Tar:1    | Entered Level 1 of Tartarus
138336 | Tar:7    | Entered Level 7 of Tartarus
138498 | Tar:7    | Identified the +10 eveningstar of Terror {flame, rF+ rN+}
138527 | Tar:7    | Noticed Ereshkigal
138538 | Tar:7    | Noticed a dread lich
138540 | Tar:7    | Killed Ereshkigal
138731 | Tar:7    | Killed a dread lich
138826 | Tar:7    | Got a bone rune of Zot
138981 | Dis:1    | Entered Level 1 of the Iron City of Dis
140326 | Dis:7    | Entered Level 7 of the Iron City of Dis
140821 | Dis:7    | Reached skill level 15 in Throwing
140843 | Dis:7    | Found the +4 staff of Dispater
140843 | Dis:7    | Noticed Dispater
140845 | Dis:7    | Killed Dispater
140848 | Dis:7    | Identified Ilenell's Last Secrets of Spellweaving
140884 | Dis:7    | Got an iron rune of Zot
141148 | Zig:1    | Entered Level 1 of a ziggurat
141178 | Zig:2    | Entered Level 2 of a ziggurat
141213 | Zig:3    | Entered Level 3 of a ziggurat
141251 | Zig:4    | Entered Level 4 of a ziggurat
141286 | Zig:5    | Entered Level 5 of a ziggurat
141316 | Zig:5    | Identified the ring of Jaroemaz {rC+ rCorr Dex+5}
141362 | Zig:6    | Entered Level 6 of a ziggurat
141394 | Zig:7    | Entered Level 7 of a ziggurat
141401 | Zig:7    | Noticed Eda Jiaci the pandemonium lord
141405 | Zig:7    | Killed Eda Jiaci the pandemonium lord
141453 | Zig:8    | Entered Level 8 of a ziggurat
141518 | Zig:8    | Identified the +1 scimitar of Spring {drain, rPois Str+2}
141536 | Zig:9    | Entered Level 9 of a ziggurat
141579 | Zig:9    | Identified the +1 scale mail "Bewkizau" {Str-3 Dex+3}
141587 | Zig:9    | Identified the +2 broad axe of Nefej {antimagic, rPois
                  | Str+3}
141655 | Zig:10   | Entered Level 10 of a ziggurat
141721 | Zig:11   | Entered Level 11 of a ziggurat
141732 | Zig:11   | Noticed Ninliozi the pandemonium lord
141748 | Zig:11   | Killed Ninliozi the pandemonium lord
141974 | Zig:11   | Identified the +10 quarterstaff "Vaoj" {vamp, rElec Will+
                  | Int+2}
141982 | Zig:11   | Identified the amulet of Qimm {Reflect +Blink rPois rC+
                  | Will+ SH+5}
142007 | Zig:12   | Entered Level 12 of a ziggurat
142066 | Zig:12   | Identified the amulet "Hisohauru" {Faith Int-4 Dex+7}
142073 | Zig:12   | Identified the Grimoire of the Dusty Birds
142093 | Zig:12   | Identified the +10 war axe of Urgency {drain, Will- Str+6}
142157 | Zig:13   | Entered Level 13 of a ziggurat
142434 | Zig:13   | Identified the +1 pair of boots "Nost" {Slay+5}
142450 | Zig:14   | Entered Level 14 of a ziggurat
142685 | Zig:14   | Identified the ring "Valast" {*Corrode rF++ MP+9}
142696 | Zig:14   | Identified the amulet "Raubiepa" {Acrobat rN+++ Str-4}
142723 | Zig:15   | Entered Level 15 of a ziggurat
142770 | Zig:15   | Identified the ring "Taovvusie" {rElec EV+4 Str+4 Dex-4}
142785 | Zig:15   | Identified the +9 fustibalus of Mandamus {speed, rPois
                  | Int+4}
142829 | Zig:16   | Entered Level 16 of a ziggurat
142850 | Zig:16   | Found the +7 great mace "Undeadhunter" {disrupt, rN+}
142851 | Zig:16   | Found the +10 zealot's sword {holy, *Rage rN+ EV+3}
142853 | Zig:16   | Found the ring of the Mage {Wiz Will++ Int+3}
143013 | Zig:16   | Identified Voikhlua's Almanac of the Frigorific Mountains
143020 | Zig:16   | Identified The Almanac of Greatest Risks and Utility
143042 | Zig:17   | Entered Level 17 of a ziggurat
143245 | Zig:17   | Found the +8 storm bow {elec, penet}
143278 | Zig:17   | Identified the ring "Bulaf" {+Inv rElec rPois}
143305 | Zig:17   | Identified the Reference Book on the Icy Rocks
143314 | Zig:18   | Entered Level 18 of a ziggurat
143455 | Zig:18   | Identified The Arcane Secrets of Witchcraft
143472 | Zig:18   | Identified the ring "Rugoux" {rF+ Int+6}
143477 | Zig:18   | Identified the +11 long sword of Kismet {vorpal, Fragile
                  | Dex+7}
143478 | Zig:18   | Identified the +9 broad axe of Patience {drain, +Rage rC-
                  | Str+6 Int+3}
143487 | Zig:19   | Entered Level 19 of a ziggurat
143541 | Zig:19   | Found the +3 giant club "Skullcrusher" {speed, Str+7}
143954 | Zig:19   | Identified the +8 shortbow "Rawn" {freeze, Fly rF- Int+2}
143956 | Zig:19   | Identified the ring "Xeun Yta" {+Inv rC+ MP+9}
143982 | Zig:19   | Identified the +7 rapier of Trauma {vorpal, rF+ Str-4
                  | Int+5}
143988 | Zig:19   | Identified the +3 scale mail of Yveorren {Regen+ MP+9 Dex+4
                  | Slay+4}
144000 | Zig:20   | Entered Level 20 of a ziggurat
144199 | Zig:20   | Acquired 991 gold pieces
144201 | Zig:20   | Identified the +5 scythe "Abraare" {flame, Will+}
144202 | Zig:20   | Identified the Tome of the Captivating Arsonist
144208 | Zig:20   | Identified the +7 hand axe of Power {chaos, Str+4 Dex+4}
144229 | Zig:21   | Entered Level 21 of a ziggurat
144526 | Zig:21   | Identified the +5 morningstar of the Destroying King {holy,
                  | rElec rC+ Str+3}
144533 | Zig:21   | Identified the +13 chain mail "Nymiklot" {-Tele rPois
                  | Regen+}
144539 | Zig:21   | Identified the +1 short sword of Tyochov {speed, +Blink
                  | +Inv rPois}
144544 | Zig:21   | Identified Oteaded's Disquisition on the Birds and the
                  | Compass
144549 | Zig:21   | Identified the +5 scimitar "Zaquser" {flame, Dex+2}
144555 | Zig:21   | Identified the +2 hand crossbow of Deole {flame, Int+3}
144558 | Zig:21   | Identified the +5 rapier "Giantbane" {vorpal, +Rage rPois
                  | Int+4}
144600 | Zig:22   | Entered Level 22 of a ziggurat
144616 | Zig:22   | Noticed a dread lich
144616 | Zig:22   | Noticed an ancient lich
144619 | Zig:22   | Noticed a dread lich
144620 | Zig:22   | Noticed a dread lich
144624 | Zig:22   | Noticed a dread lich
144624 | Zig:22   | Noticed a dread lich
144625 | Zig:22   | Killed a dread lich
144626 | Zig:22   | Killed an ancient lich
144626 | Zig:22   | Noticed a dread lich
144628 | Zig:22   | Noticed an ancient lich
144628 | Zig:22   | Killed a dread lich
144630 | Zig:22   | Killed a dread lich
144631 | Zig:22   | Killed a dread lich
144637 | Zig:22   | Killed a dread lich
144637 | Zig:22   | Killed a dread lich
144638 | Zig:22   | Killed an ancient lich
144782 | Zig:22   | Identified the +3 quarterstaff "Buokkacoi" {flame, rElec
                  | rC+ rN+ Dex+2}
144790 | Zig:22   | Identified the +0 pair of boots "Yhej Beo" {Regen+ rCorr}
144815 | Zig:23   | Entered Level 23 of a ziggurat
144830 | Zig:23   | Noticed a juggernaut
144834 | Zig:23   | Noticed a juggernaut
144835 | Zig:23   | Noticed a juggernaut
144837 | Zig:23   | Noticed a juggernaut
144837 | Zig:23   | Noticed a juggernaut
144838 | Zig:23   | Killed a juggernaut
144838 | Zig:23   | Noticed a juggernaut
144839 | Zig:23   | Reached skill level 27 in Spellcasting
144839 | Zig:23   | Killed a juggernaut
144840 | Zig:23   | Killed a juggernaut
144841 | Zig:23   | Killed a juggernaut
144841 | Zig:23   | Killed a juggernaut
144841 | Zig:23   | Killed a juggernaut
144842 | Zig:23   | Noticed a juggernaut
144850 | Zig:23   | Killed a juggernaut
144949 | Zig:23   | Acquired a book of Geomancy
144961 | Zig:23   | Identified the amulet of Honesty {Acrobat +Blink rPois
                  | Str-4 Int+3}
144979 | Zig:23   | Identified the +0 hat "Juekhusen" {Will+ Stlth+}
144989 | Zig:24   | Entered Level 24 of a ziggurat
145190 | Zig:24   | Identified the +5 chain mail "Zoubrem" {rF+}
145217 | Zig:24   | Identified the +8 broad axe of Heoxuph {flame, Int-5 Dex+5}
145218 | Zig:24   | Identified the ring "Iholyadgh" {Will+ Str+4 Dex+6 SInv
                  | Stlth+}
145222 | Zig:24   | Identified the +0 leather armour of the Unseen Realm
                  | {Int+5}
145227 | Zig:24   | Identified the Volume of Transmutation
145241 | Zig:25   | Entered Level 25 of a ziggurat
145404 | Zig:25   | Identified the +9 hand axe of Terra Nullius {vorpal, rElec
                  | rC+ Int+3}
145405 | Zig:25   | Identified Layff's Almanac of Fiery Earth
145416 | Zig:25   | Identified the +8 hunting sling "Cakkux" {freeze, Dex+7}
145434 | Zig:25   | Identified the +2 scimitar "Gucwen" {vorpal, rF++ Str-2
                  | Dex+2}
145481 | Zig:26   | Entered Level 26 of a ziggurat
145497 | Zig:26   | Noticed an ancient lich
145501 | Zig:26   | Noticed an ancient lich
145502 | Zig:26   | Killed an ancient lich
145506 | Zig:26   | Killed an ancient lich
145510 | Zig:26   | Noticed a dread lich
145511 | Zig:26   | Noticed an ancient lich
145512 | Zig:26   | Noticed a dread lich
145512 | Zig:26   | Noticed an ancient lich
145513 | Zig:26   | Noticed a dread lich
145513 | Zig:26   | Noticed a dread lich
145515 | Zig:26   | Killed a dread lich
145515 | Zig:26   | Killed an ancient lich
145515 | Zig:26   | Killed a dread lich
145516 | Zig:26   | Reached skill level 15 in Earth Magic
145517 | Zig:26   | Noticed a dread lich
145521 | Zig:26   | Killed an ancient lich
145521 | Zig:26   | Killed a dread lich
145526 | Zig:26   | Killed a dread lich
145532 | Zig:26   | Killed a dread lich
145664 | Zig:26   | Identified the +9 mace "Terheqia" {protect, rF+ rC++}
145665 | Zig:26   | Identified the +10 scythe of Aptokh {venom, Dex+2}
145668 | Zig:26   | Identified the +3 chain mail of the Skies Above {rElec
                  | rPois rF+ Dex+5}
145676 | Zig:26   | Acquired 739 gold pieces
145678 | Zig:26   | Identified the ring "Exicwul" {rElec rPois rC+++ Dex+6
                  | Slay-3}
145689 | Zig:26   | Identified Baro's Catalogue of Beguiling
145691 | Zig:26   | Identified the +2 glaive of Due Proportion {holy, Drain
                  | +Inv rN+ SInv}
145717 | Zig:27   | Entered Level 27 of a ziggurat
145817 | Zig:27   | Paralysed by a floating eye for 3 turns
145878 | Zig:27   | Found the +8 glaive of the Guard {elec, spectral, AC+5}
145881 | Zig:27   | Found the +12 glaive of Prune {vorpal}
145885 | Zig:27   | Identified the +6 flail of Zaotoos {vorpal, Dex+3 Stlth+}
146096 | Zig:27   | Identified the ring of Nedoymof {AC+4 Dex+5}
146116 | Zig:27   | Identified the +1 robe of Dishonour {rPois Dex+2 SInv}
146129 | Zig:27   | Identified the +9 hand axe of Kismet {flame, +Blink rF+ rN+
                  | Str+2}
146131 | Zig:27   | Identified Touc's Volume of Creative Snow
146514 | Tomb:1   | Entered Level 1 of the Tomb of the Ancients
146529 | Tomb:1   | Learned a level 9 spell: Shatter
146538 | Tomb:1   | Learned a level 8 spell: Infestation
147208 | Tomb:1   | Noticed a royal mummy
147214 | Tomb:1   | Killed a royal mummy
147226 | Tomb:1   | Noticed a royal mummy
147231 | Tomb:1   | Killed a royal mummy
147233 | Tomb:1   | Noticed a royal mummy
147241 | Tomb:1   | Killed a royal mummy
147829 | Tomb:1   | Noticed a royal mummy
147830 | Tomb:1   | Killed a royal mummy
147832 | Tomb:1   | Noticed a royal mummy
147836 | Tomb:1   | Noticed a royal mummy
147842 | Tomb:1   | Noticed a royal mummy
147843 | Tomb:1   | Killed a royal mummy
147844 | Tomb:1   | Killed a royal mummy
147845 | Tomb:1   | Killed a royal mummy
147846 | Tomb:1   | Noticed a royal mummy
147849 | Tomb:1   | Killed a royal mummy
147850 | Tomb:1   | Noticed a royal mummy
147850 | Tomb:1   | Noticed a royal mummy
147852 | Tomb:1   | Killed a royal mummy
147854 | Tomb:1   | Killed a royal mummy
147875 | Tomb:1   | Noticed a royal mummy
147878 | Tomb:1   | Killed a royal mummy
148094 | Tomb:1   | Noticed a royal mummy
148095 | Tomb:1   | Killed a royal mummy
148223 | Tomb:1   | Noticed a royal mummy
148225 | Tomb:1   | Noticed a royal mummy
148228 | Tomb:1   | Killed a royal mummy
148230 | Tomb:1   | Noticed a royal mummy
148231 | Tomb:1   | Killed a royal mummy
148234 | Tomb:1   | Killed a royal mummy
148331 | Tomb:1   | Noticed a royal mummy
148333 | Tomb:1   | Killed a royal mummy
148393 | Tomb:1   | Noticed a royal mummy
148396 | Tomb:1   | Killed a royal mummy
148402 | Tomb:1   | Noticed a royal mummy
148403 | Tomb:1   | Noticed a royal mummy
148405 | Tomb:1   | Killed a royal mummy
148405 | Tomb:1   | Noticed a royal mummy
148408 | Tomb:1   | Killed a royal mummy
148408 | Tomb:1   | Killed a royal mummy
148409 | Tomb:1   | Noticed a royal mummy
148412 | Tomb:1   | Killed a royal mummy
148590 | Tomb:2   | Noticed a royal mummy
148593 | Tomb:2   | Noticed a royal mummy
148598 | Tomb:2   | Killed a royal mummy
148610 | Tomb:2   | Killed a royal mummy
148625 | Tomb:2   | Noticed a royal mummy
148632 | Tomb:2   | Killed a royal mummy
148632 | Tomb:2   | Noticed Boris
148642 | Tomb:2   | Noticed a royal mummy
148649 | Tomb:2   | Killed Boris
148650 | Tomb:2   | Killed a royal mummy
148775 | Tomb:2   | Identified the +4 whip of Moderation {vorpal, rElec rF+++
                  | rC- Will-}
149574 | Tomb:3   | Entered Level 3 of the Tomb of the Ancients
149582 | Tomb:3   | Noticed a royal mummy
149582 | Tomb:3   | Noticed a royal mummy
149583 | Tomb:3   | Noticed a royal mummy
149583 | Tomb:3   | Noticed a royal mummy
149584 | Tomb:3   | Killed a royal mummy
149588 | Tomb:3   | Killed a royal mummy
149589 | Tomb:3   | Killed a royal mummy
149594 | Tomb:3   | Killed a royal mummy
149596 | Tomb:3   | Noticed a royal mummy
149603 | Tomb:3   | Noticed a royal mummy
149604 | Tomb:3   | Noticed a royal mummy
149605 | Tomb:3   | Noticed a royal mummy
149605 | Tomb:3   | Killed a royal mummy
149606 | Tomb:3   | Killed a royal mummy
149608 | Tomb:3   | Killed a royal mummy
149609 | Tomb:3   | Noticed a royal mummy
149618 | Tomb:3   | Killed a royal mummy
149632 | Tomb:3   | Killed a royal mummy
149992 | Tomb:3   | Found the +2 ratskin cloak {*Rats rPois rN+ Str-1 Int-1
                  | Dex+1}
150165 | Tomb:3   | Identified the +5 dagger "Vyats" {antimagic, Fly Str-3
                  | Dex+5}
150258 | Tomb:3   | Identified the +6 long sword of Eternal Vigilance {vorpal,
                  | Str+3 Dex+2}
150287 | Tomb:3   | Found the ring of the Hare {EV+8}
150302 | Tomb:3   | Identified the +10 morningstar of Accord {vorpal, rF+}
150304 | Tomb:3   | Identified the +3 battleaxe of Fate {venom, Dex+2}
150355 | Tomb:3   | Identified the ring of Zifoivorr {+Blink Fly Str+6 Dex-2}
150362 | Tomb:3   | Identified the +0 leather armour "Bisyl" {-Cast +Inv rC++
                  | rCorr}
150420 | Tomb:3   | Got a golden rune of Zot
151110 | Zot:5    | Got the Orb of Zot
151690 | D:1      | Lost mutation: Your body sometimes deteriorates upon taking
                  | damage. [potion of mutation]
151690 | D:1      | Lost mutation: You have an increased reservoir of magic.
                  | (+10% MP) [potion of mutation]
151690 | D:1      | Gained mutation: You have supernaturally acute eyesight.
                  | (SInv) [potion of mutation]
151690 | D:1      | Gained mutation: You are somewhat resistant to further
                  | mutation. [potion of mutation]
151692 | D:$      | Escaped with the Orb!

Illustrated notes

Levels and vault maps discovered:
D:1:      psy_arrival_spokes, layout_basic
D:2:      layout_loops_corners
D:3:      minmay_razor_zed, layout_basic, lemuel_doored_altar, serial_shops,
          shop, uniq_jessica
D:4:      layout_basic, roderic_roman_lattice, minmay_misc_feat_encased
D:5:      lemuel_castle_with_subvaults [lemuel_castle_interior_carwin_2],
          layout_rooms, uniq_crazy_yiuf_cottage, uniq_menkaure
D:6:      cheibrodos_fertilizer, layout_loops_ring, kennysheep_mini,
          lemuel_coloured_pillars_altar, evilmike_ruin_ashenzari,
          uniq_prince_ribbit1, uniq_grinder
D:7:      layout_gridville, minmay_temple_entry_junction,
          mrwooster_statue_mirror
D:8:      layout_basic, dpeg_lair_monsters, uniq_erica, uniq_joseph
D:9:      layout_loops_ring, grunt_qazlal_clouds, david_orc_1_choice,
          minivault_27, minivault_8
D:10:     layout_cross, enter_trove_6, bh_hangedman_babel_library
D:11:     layout_basic, minivault_23, hangedman_little_slice_of_home,
          uniq_gastronok
D:12:     mludivico_vault, layout_stronghold, gammafunk_ghost_hydra_chop,
          minmay_hedge_maze, uniq_fannar
D:13:     layout_small_grid, lightli_vaults_fourway_checkpoint,
          portal_ice_cave_entry_animals_and_master, uniq_nessos, uniq_erolcha,
          uniq_kirke
D:14:     layout_basic, grunt_dithmenos_smoke_and_mirrors, basic_altar,
          minmay_bent
D:15:     hangedman_depths_entry_civil_slaughter, layout_stronghold,
          minmay_misc_feat_pillars, moated_statue,
          chequers_serial_rivers_micro_e
Temple:   nicolae_temple_no_exploring_needed
Lair:1:   minmay_guarded_unrand_snakebite, layout_cave_pods, basic_altar
Lair:2:   layout_roguey, uniq_sonja
Lair:3:   layout_chaotic_city, shoals_dummy_entry, enter_volcano_3
Lair:4:   layout_cave_pods, dummy_snake_entry, special_room
          [special_room_mythical_zoo], serial_bayou_shore_b
Lair:5:   layout_regular_city, minmay_slime_entry_pillars,
          bobbens_dragon_lair_wall, uniq_urug
Lair:6:   grunt_lair_end_beastmaster, layout_hall_layers, lemuel_centaur_altar
Shoals:1: layout_shoals, gammafunk_ghost_abyssal_escape
Shoals:2: layout_shoals, st_sunken_huts
Shoals:3: cheibrodos_shoals_gigantism, layout_shoals, serial_shops, shop,
          uniq_bai_suzhen
Shoals:4: shoals_end_hangedman, layout_shoals, shoals_ilsuiw_alternative
Snake:1:  gammafunk_sealed_library, layout_misc_corridors, serial_shops,
          nicolae_shop_behind_doors, special_room, uniq_rupert
Snake:2:  layout_gridlike, uniq_roxanne
Snake:3:  layout_concentric_octagons, uniq_aizul, uniq_agnes
Snake:4:  minmay_snake_end_coiled, layout_chambers,
          gammafunk_ghost_berserking_beasts
Slime:1:  layout_caves
Slime:2:  layout_caves
Slime:3:  layout_caves
Slime:4:  layout_caves
Slime:5
Orc:1:    layout_diamond_mine, enter_bailey_2
Orc:2:    st_orc_open, layout_caves, uniq_donald, uniq_saint_roka
Elf:1:    minmay_elf_arrival_circle, layout_geoelf_octagon, serial_shops, shop,
          hangedman_elf_disciples, drop_trap, orc_legates, minmay_shop_grove,
          uniq_nikola, uniq_louise
Elf:2:    layout_geoelf_octagon, basic_altar, drop_trap, minmay_misc_feat_rows,
          uniq_azrael
Elf:3:    grunt_elf_hall_asides, layout_geoelf_castle, serial_shops,
          bzr_entry_lakeside
Vaults:1: ontoclasm_vaults_ring_small, vaults_room_fancy_cross,
          vaults_room_semicircle, dpeg_vaults_monster_box, hangedman_vaults_hat,
          nicolae_vaults_three_branches, layout_vaults_big_room
Vaults:2: nicolae_vaults_network_periphery, ontoclasm_vaults_fault,
          vaults_room_pools, minmay_crypt_entry_vampire_xt,
          ontoclasm_vaults_ligature, hangedman_vaults_hard_town_square,
          ontoclasm_vaults_hangar, nicolae_vaults_little_squares_6,
          v_alt_pattern_1, nicolae_vaults_diagonal_hallway_6,
          hangedman_vaults_stretched_pinwheel, nicolae_vaults_angled_halls,
          layout_vaults_omnibox
Vaults:3: hangedman_vaults_variations, nicolae_vaults_asterisk,
          ontoclasm_vaults_misaligned, hangedman_vaults_capsules, v_pattern_3,
          grunt_vaults_bifocal, vaults_room_pool, v_misc_13, layout_vaults_ring,
          serial_shops, nicolae_shop_crystal
Vaults:4: hangedman_vaults_trim, v_misc_23, v_pattern_2,
          vaults_mumra_chevron_long, ontoclasm_vaults_decontamination,
          grunt_vaults_diagonal, vaults_dpeg_ring, nicolae_vaults_asterisk,
          hangedman_vaults_slice, layout_vaults_omnigrid, uniq_mara
Vaults:5
Crypt:1:  layout_chaotic_city, basic_altar, roderic_lattice_octagonal_star,
          uniq_xtahua
Crypt:2:  layout_gridlike
Crypt:3:  evilmike_haunted_forest, uniq_khufu
Tomb:1
Tomb:2:   uniq_boris
Tomb:3
Depths:1: layout_roguey, hellmouth_3, nzn_ghost_randoct, wad_dig_loot
Depths:2: minmay_the_grid_3x2 [minmay_the_grid_embedded,
          minmay_the_grid_odd_star, minmay_the_grid_square_x,
          minmay_the_grid_pillar_ring, minmay_the_grid_fan,
          minmay_the_grid_prize_trominoes], layout_gridville, pan_entry,
          ebering_ghost_disaster_area, abyss_entry, grunt_decor_arrowhead,
          hell_entry, minmay_staircase_bubble
Depths:3: lightli_eight_chambers, layout_cave_shapes, enter_ziggurat_c,
          serial_glass, glass_columns_b, glass_columns_b,
          gammafunk_ghost_endoplasm, pan_entry, hell_entry, minmay_st_funbox,
          infiniplex_staircase_pool_2
Depths:4: minmay_imperfect_grid, layout_long_grid, serial_sigils,
          serial_sigils_hangedman_snap, serial_sigils_hangedman_etch,
          serial_sigils_hangedman_quiver, serial_sigils_hangedman_scratch,
          serial_sigils_hangedman_stare, hell_entry, abyss_entry_flame_altar
Depths:5: evilmike_zot_entry_round, layout_cave_pools, grunt_metal_band,
          nemelex_xobeh_ov_fountains_minmay, minmay_misc_feat_room, uniq_margery
Hell
Dis:1:    layout_regular_city, grunt_dis_stairs_iron_hall
Dis:2:    layout_regular_city
Dis:3:    kennysheep_iron_temple, layout_overlapping_boxes, lemuel_elevator
Dis:4:    layout_overlapping_boxes
Dis:5:    layout_regular_city, nicolae_dis_hell_towers
Dis:6:    layout_chaotic_city, lemuel_elevator
Dis:7:    dis_st
Geh:1:    layout_gehenna_lava_caves
Geh:2:    layout_gehenna_lava_caves
Geh:3:    layout_gehenna_pools_triple, lemuel_elevator
Geh:4:    layout_gehenna_lava_caves
Geh:5:    layout_gehenna_lava_caves, hangedman_elemental_grid_stream
Geh:6:    layout_gehenna_lava_caves
Geh:7:    evilmike_geh
Coc:1:    layout_ice_bergs
Coc:2:    layout_cocytus_water_paths
Coc:3:    layout_cocytus_water_paths
Coc:4:    layout_cocytus_delve, minmay_fire_ice_demons
Coc:5:    layout_ice_bergs, special_room [special_room_morgue]
Coc:6:    layout_cocytus_delve, hangedman_mysterious_dungeon_monster_house
Coc:7:    coc_hangedman
Tar:1:    layout_cathedral_of_symmetry
Tar:2:    layout_grid_maze
Tar:3:    layout_cathedral_of_symmetry, nicolae_tar_cuneiform_city
Tar:4:    layout_honeycomb, nicolae_tar_cuneiform_sun
Tar:5:    layout_cathedral_of_symmetry
Tar:6:    layout_cathedral_of_symmetry, grunt_megastairs_5
Tar:7:    tar_grunt_cathedral
Zot:1:    kennysheep_bubbly, layout_gridlike
Zot:2:    grunt_twist_and_shout, layout_cathedral_of_symmetry
Zot:3:    layout_onion_interference, st_stairs_13,
          hangedman_zot_decor_unnerving_road
Zot:4:    gammafunk_dig_for_victory, layout_onion
Zot:5:    layout_onion

Skill      XL: |  1  2  3  4  5  6  7  8  9 10 11 12 13 14 15 16 17 18 19 20 21 22 23 24 25 26 27 |
---------------+----------------------------------------------------------------------------------+-----
Ice Magic      | 5 6 7 8 9 10 11 13 14 16 17 19 20 22 23 24 27 | 27.0
Dodging        | 3 4 5 6 7 10 20 | 20.0
Spellcasting   | 3 4 5 6 7 8 9 11 12 13 14 15 16 27 | 27.0
Fighting       | 2 3 5 7 8 9 10 11 24 | 24.8
Evocations     | 2 4 5 6 8 12 | 12.0
Summonings     | 2 3 4 5 |  5.0
Short Blades   | 1 3 5 |  5.0
Conjurations   | 1 3 5 6 7 8 9 10 23 | 23.0
Air Magic      | 1 4 6 7 |  7.0
Maces & Flails | 2 5 |  5.0
Staves         | 3 5 7 9 10 11 | 11.6
Earth Magic    | 2 4 6 8 25 | 25.0
Shields        | 4 7 9 11 13 14 15 24 | 24.0
Fire Magic     | 6 11 14 15 16 24 | 24.0
Necromancy     | 2 6 9 10 11 20 | 20.0
Throwing       | 3 8 10 20 | 20.0
Transmutations | 2 5 20 | 20.0
Translocations | 8 |  8.0
Stealth        | 18 | 18.1

Action                   |  1- 3 |  4- 6 |  7- 9 | 10-12 | 13-15 | 16-18 | 19-21 | 22-24 | 25-27 || total
-------------------------+-------+-------+-------+-------+-------+-------+-------+-------+-------++-------
Melee: Unarmed           |     5 |       |       |       |       |       |       |       |       ||     5
       Tentacles         |     4 |     7 |    30 |    36 |    49 |    44 |    71 |    28 |  2335 ||  2604
       Constrict         |     4 |     9 |    34 |    36 |    31 |    22 |    29 |    12 |   543 ||   720
       Falchion          |    16 |    17 |       |       |       |       |       |       |       ||    33
       Short sword       |       |    26 |   167 |   184 |       |       |       |       |       ||   377
       Whip              |       |       |       |    59 |   175 |       |       |       |       ||   234
       Staff             |       |       |       |       |    97 |   185 |   274 |    97 |  5702 ||  6355
       Kick              |       |       |       |       |       |       |       |       |   135 ||   135
Throw: Javelin           |       |       |       |       |       |       |       |       |    12 ||    12
 Cast: Freeze            |    27 |    18 |     7 |    10 |     1 |       |       |       |       ||    63
       Frozen Ramparts   |     2 |     7 |    36 |    65 |    13 |       |       |       |       ||   123
       Ozocubu's Armour  |       |       |    15 |    21 |    17 |     2 |       |       |     1 ||    56
       Summon Ice Beast  |       |       |    24 |    34 |    27 |     5 |     1 |       |       ||    91
       Hailstorm         |       |       |    13 |    68 |    28 |     3 |       |       |       ||   112
       Freezing Cloud    |       |       |       |       |    89 |     3 |     2 |       |       ||    94
       Ozocubu's Refrige |       |       |       |       |   110 |   186 |   363 |   135 |   156 ||   950
       Iron Shot         |       |       |       |       |       |   103 |     8 |       |       ||   111
       Absolute Zero     |       |       |       |       |       |       |    29 |   149 |  1228 ||  1406
       Sublimation of Bl |       |       |       |       |       |       |       |    16 |    80 ||    96
       Ignition          |       |       |       |       |       |       |       |     3 |   382 ||   385
       Swiftness         |       |       |       |       |       |       |       |       |     3 ||     3
       Statue Form       |       |       |       |       |       |       |       |       |     9 ||     9
       Necromutation     |       |       |       |       |       |       |       |       |   189 ||   189
       Fire Storm        |       |       |       |       |       |       |       |       |    36 ||    36
       Shatter           |       |       |       |       |       |       |       |       |     6 ||     6
Invok: Call Merchant     |       |       |       |     2 |     2 |     1 |     3 |     1 |     8 ||    17
       Potion Petition   |       |       |       |       |       |       |       |       |    39 ||    39
Evoke: Wand              |       |       |       |     1 |       |     5 |       |       |     7 ||    13
  Use: Scroll            |       |       |     1 |    27 |    12 |     7 |       |     4 |    17 ||    68
       Potion            |       |       |       |     6 |     1 |     1 |     2 |       |    10 ||    20
 Stab: Sleeping          |       |     6 |     5 |     3 |     2 |     4 |    10 |     1 |    27 ||    58
       Distracted        |       |       |     2 |     4 |     2 |     1 |     5 |     2 |   152 ||   168
       Invisible         |       |       |       |       |       |       |       |       |    15 ||    15
       Petrified         |       |       |       |       |       |       |       |       |     1 ||     1
Armor: Skin              |     2 |     7 |     6 |    16 |    24 |    20 |    25 |     6 |   677 ||   783
Dodge: Dodged            |    24 |    40 |   160 |   268 |   228 |   236 |   283 |    68 |  2299 ||  3606
Block: Buckler           |       |       |       |       |       |    17 |   127 |       |       ||   144
       Kite shield       |       |       |       |       |       |       |     1 |    87 |  4160 ||  4248
       Reflection        |       |       |       |       |       |       |       |    13 |    64 ||    77
       Rpst.: Falchion   |     6 |     5 |       |       |       |       |       |       |       ||    11

Table legend: (Time is in decaauts)
 A = Elapsed time spent in this place.
 B = Non-inter-level travel time spent in this place.
 C = Inter-level travel time spent in this place.
 D = Time resting spent in this place.
 E = Time spent auto-exploring this place.
 F = Levels seen in this place.
 G = Mean time per level.
                   A        B        C        D        E       F      G
               +--------+--------+--------+--------+--------+-----+--------+
         Total | 149828 | 140839 |   8989 |  28200 |  77891 | 136 | 1101.7 |
       Dungeon |  24426 |  21784 |   2642 |   3836 |  14312 |  15 | 1628.4 |
        Temple |     14 |     14 |      0 |      0 |      0 |   1 |   14.0 |
          Lair |  12561 |  10963 |   1598 |   3104 |   6268 |   6 | 2093.5 |
        Shoals |   6764 |   6305 |    459 |   1474 |   3814 |   4 | 1691.0 |
     Snake Pit |   8108 |   7573 |    535 |   1775 |   4250 |   4 | 2027.0 |
    Slime Pits |   4569 |   4456 |    113 |    963 |   2963 |   5 |  913.8 |
  Orcish Mines |   3331 |   3235 |     96 |   1569 |   1040 |   2 | 1665.5 |
   Elven Halls |   8028 |   7532 |    496 |   2268 |   3482 |   3 | 2676.0 |
        Vaults |  11254 |  10187 |   1067 |   1561 |   7070 |   5 | 2250.8 |
         Crypt |   6013 |   5634 |    379 |    822 |   3794 |   3 | 2004.3 |
          Tomb |   4091 |   3981 |    110 |    450 |   2284 |   3 | 1363.7 |
        Depths |   9798 |   8761 |   1037 |   1876 |   5427 |   5 | 1959.6 |
          Hell |   1558 |   1533 |     25 |    314 |    638 |   1 | 1558.0 |
           Dis |   1860 |   1860 |      0 |    341 |     13 |   7 |  265.7 |
       Gehenna |   3160 |   3160 |      0 |    262 |    754 |   7 |  451.4 |
       Cocytus |   2420 |   2420 |      0 |    229 |    308 |   7 |  345.7 |
      Tartarus |   1335 |   1335 |      0 |    122 |     16 |   7 |  190.7 |
           Zot |   9970 |   9541 |    429 |   3574 |   4327 |   5 | 1994.0 |
         Abyss |   1222 |   1222 |      0 |      5 |    698 |   4 |  305.5 |
   Pandemonium |  20738 |  20738 |      0 |   1678 |  14362 |  11 | 1885.3 |
      Ziggurat |   4879 |   4879 |      0 |    476 |    786 |  27 |  180.7 |
        Bazaar |     61 |     61 |      0 |      0 |     51 |   1 |   61.0 |
         Trove |    284 |    284 |      0 |     48 |     62 |   1 |  284.0 |
        Bailey |   1592 |   1592 |      0 |    592 |    617 |   1 | 1592.0 |
      Ice Cave |   1780 |   1780 |      0 |    860 |    554 |   1 | 1780.0 |
               +--------+--------+--------+--------+--------+-----+--------+

Top non-repeatable levels by time:
     D:6: 3095 daAuts
 Snake:4: 3062 daAuts
 Crypt:3: 2958 daAuts
   Elf:3: 2925 daAuts
     D:9: 2855 daAuts
Depths:3: 2832 daAuts
Vaults:4: 2721 daAuts
   Elf:2: 2698 daAuts
   Zot:5: 2632 daAuts
  Lair:4: 2502 daAuts
  Lair:6: 2484 daAuts
    D:12: 2456 daAuts
Vaults:2: 2445 daAuts
  Lair:5: 2440 daAuts
   Elf:1: 2404 daAuts
